Workbook

Sheet PEG 2024
D1: Allegato 5)
C3: Comune di Porto Mantovano
C7: Piano degli Obiettivi 2024 - 2026
C10: SCHEDE OBIETTIVI
C14: VERIFICA FINALE 31.12.2024

Sheet elenco 2024
B1: Comune di Porto Mantovano
B2: elenco obiettivi 2024 - 2026
A5: NUMERO | B5: DESCRIZIONE | C5: RESPONSABILE | D5: PERCENTUALE ATTUAZIONE al 31.10.2024 | E5: PERCENTUALE ATTUAZIONE al 31.12.2024
A6: 1 | B6: ='scheda obiettivo 2023 codice'!C5 -> Attività di formazione e di aggiornamento normativo, in materia di appalti pubblici allo scopo di garantire il corretto svolgimento delle procedure in conformità al NUOVO CODICE DEI CONTRATTI | C6: Dott.ssa Bianca Meli / Avv. Paolo Coppola | D6: 70% - riprogrammato al 31.12.2024 | E6: 1
A7: 2 | B7: ='scheda obiettivo 2023 PNRR'!C5 -> coordinamento e presidio attività di reperimento e gestione dei finanziamenti del PNRR/PNC e monitoraggio adempimenti e utilizzo Fondi PNRR-Statali-Regionali | C7: Dott.ssa Bianca Meli / Avv. Paolo Coppola | D7: 0.9 | E7: 1
A8: 3 | B8: ='tempi medi pagamento'!C5 -> MONITORAGGIO TEMPESTIVITA' DEI PAGAMENTI E DEL DEBITO MEDIO COMMERCIALE | C8: Dott.ssa Bianca Meli / Avv. Paolo Coppola | D8: 0.9 | E8: 1
A9: 4 | B9: ='scheda obiettivo (già 2022 23)'!C5 -> Gestione documentale: cartacea e informatica. Continuazione | C9: Dott.ssa Sara Badari | D9: 1 | E9: 1
A10: 5 | B10: ='scheda obiettivo (già 2022 23) '!C5 -> Syllabus Continuazione | C10: Dott.ssa Sara Badari | D10: attività in corso | E10: 100
A11: 6 | B11: ='scheda obiettivo (già 2023)'!C5 -> POTENZIAMENTO DEI SERVIZI DEMOGRAFICI (continuazione) | C11: Dott.ssa Sara Badari | D11: attività in corso | E11: 100
A12: 7 | B12: ='1 - del bon regolamenti'!C4 -> REVISIONE E DEFINZIONE DELLE PROCEDURE DI ACCERTAMENTO - AGGIORNAMENTO DEI REGOLAMENTI TRIBUTARI VIGENTI IN BASE ALLA NUOVA NORMATIVA TRIBUTARIA | C12: Dott.ssa Angela Del Bon | D12: 0.9 | E12: 1
A13: 8 | B13: ='4- PNRR e finanziamenti'!C5 -> SUPPORTARE LE ATTIVITA' DEI SETTORI AL FINE DI MIGLIORARE LA PARTECIPAZIONE DELL'ENTE AI FINANZIAMENTI A FONDO PERDUTO E DEL PNRR E ALLA GESTIONE DEI FINANZIAMENTI A FONDO PERDUTO E DEL PNRR IN LNEA CON LE PRIORITA' DELLA UE | C13: Dott.ssa Angela Del Bon | D13: 1 | E13: 1
A14: 9 | B14: ='scheda obiettivo 2022 spazi com'!C5 -> Tutela e valorizzazione dei beni e delle attività culturali e promozione degli spazi di comunità del nostro Comune | C14: Dott.ssa Emanuela Dal Bosco | D14: realizzata al 100% la fase progettuale - riprogrammate le altre fasi al 2025 | E14: realizzata al 100% la fase progettuale - riprogrammate le altre fasi al 2025
A15: 10 | B15: ='scheda obiettivo 2022 valoriz'!C5 -> Tutela e valorizzazione dei beni e delle attività culturali | C15: Dott.ssa Emanuela Dal Bosco | D15: realizzata al 100% la fase progettuale - riprogrammate le altre fasi al 2025 | E15: realizzata al 100% la fase progettuale - riprogrammate le altre fasi al 2025
A16: 11 | B16: ='scheda obiettivo 2022 telefonia'!C5 -> Miglioramento in termini di efficienza ed efficacia dell'infrastruttura tecnologiche dell'Ente ai fini della connettivià internet e telefonia | C16: Dott.ssa Emanuela Dal Bosco | D16: realizzata al 100% la fase progettuale - riprogrammate le altre fasi al 2025 | E16: realizzata al 100% la fase progettuale - riprogrammate le altre fasi al 2025
A17: 12 | B17: ='scheda obiettivo 2022 PNRR DIGI'!C5 -> Implementazione dei servizi previsti dai bandi PNRR digitale | C17: Dott.ssa Emanuela Dal Bosco | D17: attuati gli obiettivi PNRR come da cronoprogramma | E17: 1
A18: 13 | B18: ='scheda obiettivo 1 2024'!C5 -> SERVIZIO DI TRASPORTO SCOLASTICO. NUOVO AFFIDAMENTO | C18: Dott.ssa Katia Puttini | D18: 1 | E18: 1
A19: 14 | B19: ='scheda obiettivo 2 2024 '!C5 -> NUOVA ATTIVAZIONE SERVIZIO PEDIBUS E BICIBUS | C19: Dott.ssa Katia Puttini | D19: 1 | E19: 1
A20: 15 | B20: ='scheda obiettivo 3 2024'!C5 -> NUOVO AFFIDAMENTO PER I SERVIZI DI ASSISTENZA SCOLASTICA AD PERSONAM, PRE SCUOLA, POST SCUOLA, ASSISTENZA DURANTE IL PASTO | C20: Dott.ssa Katia Puttini | D20: 1 | E20: 1
A21: 16 | B21: ='1 - moffa pgt'!C4 -> FASE SUCCESSIVA ALL'APPROVAZIONE DEL PGT E GESTIONE PIANI ATTUATIVI | C21: Arch. Rosanna Moffa | D21: 0.9 | E21: 1
A22: 17 | B22: ='2 - moffa uso sottosuolo'!C4 -> Adempimenti di cui al capo II della L.R. 7/2012 "Disciplina comunale del sottosuolo": redazione del REGOLAMENTO PER L'USO DEL SOTTOSUOLO e formazione del catasto del sottosuolo | C22: Arch. Rosanna Moffa | D22: RINVIATO AL 2025 | E22: RINVIATO AL 2025
A23: 18 | B23: ='3 - moffa opere pubbliche'!C4 -> REALIZZAZIONE OPERE PUBBLICHE STRATEGICHE PER LA SICUREZZA E LO SVILUPPO DEL TERRITORIO | C23: Arch. Rosanna Moffa | D23: 0.9 | E23: 1
A24: 19 | B24: ='4 - moffa OPERE PNRR'!C4 -> REALIZZAZIONE OPERE PUBBLICHE STRATEGICHE PER LA SICUREZZA E LO SVILUPPO DEL TERRITORIO (opere PNRR) | C24: Arch. Rosanna Moffa | D24: 0.9 | E24: 1
A25: 20 | B25: ='5 - moffa sviluppo sostenibile'!C4 -> PROGETTI PER LO SVILUPPO SOSTENIBILE DEL TERRITORIO COMUNALE: GESTIONE CALORE CON EFFICIENTAMENTO ENERGETICO - STUDIO COMUNALE DI GESTIONE DEL RISCHIO IDRAULICO - BANDO CARIPLO STRATEGIA CLIMA - POTENZIAMENTO E AMPLIAMENTO DEL PATRIMONIO ARBOREO - COMUNITA' ENERGETICHE | C25: Arch. Rosanna Moffa | D25: 0.9 | E25: 1
A26: 21 | B26: ='BONIOTTI 1 - 2024'!C5 -> Ammodernamento e potenziamento della videosorveglianza | C26: Dott.ssa Simonetta Boniotti | D26: 0.5 | E26: 0.5
A27: 22 | B27: ='BONIOTTI 2-2024'!C5 -> Educare alla legalità e alla sicurezza sulla strada | C27: Dott.ssa Simonetta Boniotti | D27: 0.8 | E27: 1

Sheet MELI -  COPPOLA 
C3: Comune di Porto Mantovano
C7: Piano degli Obiettivi 2024 - 2026
B15: SEGRETARIO GENERALE
C16: DOTT.SSA BIANCA MELI
C17: da 1/10/2024 AVV. PAOLO COPPOLA

Sheet scheda obiettivo 2023 codice
A1: Area ___________________________ Settore: SEGRETERIA GENERALE
A2: RESPONSABILE:
A3: PESO IN %
A5: MISSIONE: PROGRAMMA: | B5: OBIETTIVO N. 1 - 2024 | C5: Attività di formazione e di aggiornamento normativo, in materia di appalti pubblici allo scopo di garantire il corretto svolgimento delle procedure in conformità al NUOVO CODICE DEI CONTRATTI
A6: OBIETTIVO DUP 2019 - 2024 | C6: obeittivi trasversali
A9: A.1 | B9: DESCRIZIONE | C9: L'obiettivo consiste nell'organizzare e svrintendere l'attività di formazione e aggiornamento normativo in materia di appalti pubblici con riferimento al nuovo codice dei contratti approvato con il D. lgs. 36/2023. L'attività di formazione e la collaborazione rivolta a tutti i settori dell’Ente, in particolare attraverso la diffusione di seminari formativi svolti anche in modalità e-learning.
A10: A.2 | B10: FINALITA' | C10: Formazione e collaborazione con tutti i settori nella gestione delle procedure di affidamento di servizi, forniture e lavori.
A12: A.3 | B12: AZIONI E TEMPI - FASI | C12: costante: Attività di formazione e aggiornamento normativo anche in modalità e-learning - SI
C13: costante: collaborazione con tutti i settori nella gestione delle procedure di affidamento di servizi, forniture e lavori - SI
A16: A.4 | B16: DATA PRESUMIBILE REALIZZO | C16: entro 30/06/2024 - rinviata al 31/12/2024
A18: A.5 | B18: RESPONSABILE DELL'OBIETTIVO | C18: DOTT.SSA BIANCA MELI - SEGRETARIA GENERALE DELL'ENTE - dall'1/10/2024 AVV. PAOLO COPPOLA
A20: A.6 | B20: PERSONALE DELL'AREA COINVOLTO
A22: A.7 | B22: ALTRI SERVIZI COINVOLTI | C22: TUTTI I RESPONSABILI DI SERVIZIO
A24: A.8 | B24: RISORSE FINANZIARIE
A26: A.9 | B26: INDICATORI DI EFFICIENZA | C26: Incontri formativi: incontri effettuati / incontri programmati - n. 3 incontri programmati - SI, analisi delle novità anche in occasione delle riunioni del comitato di Direzione durante i quali sono state esaminate le novità normative introdotte dal correttivo del codice dei contratti, in particolare sulla qualificazione ANAC dell'Ente.
A28: A.9 | B28: INDICATORI DI EFFICACIA | C28: Numero di collaborazioni richieste: 100% delle richieste - E' STAT DATO SEGUITO A TUTTE LE RICHIESTE DI COLLABORAZIONE verificando con il Segretario i bandi e le procedure di affidamento - adesione alla CUC di Brescia - STP Valle Trompia dal mese di novembre 2025
A30: A.9 | B30: INDICATORI DI ECONOMICITA'
A33: A,10 | B33: CRITICITA'
A35: A.11 | B35: VERIFICHE | C35: Verifica intermedia: realizzato al 70%
C36: Verifica finale: realizzato al 100%
C38: Il Responsabile - Il Segretario Generale
C39: Dott.ssa Bianca Meli - da 1/10/2025 Avv. Paolo Coppola

Sheet scheda obiettivo 2023 PNRR
A1: Area ___________________________ Settore: SEGRETERIA GENERALE
A2: RESPONSABILE:
A3: PESO IN %
A5: MISSIONE: PROGRAMMA: | B5: OBIETTIVO N. 2 - 2024 | C5: coordinamento e presidio attività di reperimento e gestione dei finanziamenti del PNRR/PNC e monitoraggio adempimenti e utilizzo Fondi PNRR-Statali-Regionali
A6: OBIETTIVO DUP 2019 - 2024 | C6: obeittivi trasversali
A9: A.1 | B9: DESCRIZIONE | C9: Per rilanciarne l'economia e permettere lo sviluppo verde e digitale del Paese lo Stato Italiano ha predisposto il Piano Nazionale di Ripresa e Resilienza (PNRR; in inglese Recovery and Resilience Plan, abbreviato in Recovery Plan o RRP). Il PNRR fa parte del programma dell'Unione europea noto come Next Generation EU, un fondo per la ripresa europea (Recovery Fund), cioè Fondo per la ripresa al fine di rilanciarne l'economia attraverso la realizzazione di investimenti e permettere lo sviluppo digitale del Paese. Nel DUP 2023 - 2025 sono state definite a livello di organizzazione interna le modalità di gestione del PNRR coinvolgendo i diversi settori dell'Ente interesati alla realizzazione e alla gestione amministrativa e contabile degli interventi del PNRR.
A10: A.2 | B10: FINALITA' | C10: Lo scopo di questo obiettivo è quallo conseguire gli obiettivi strategici fissati nel DUP 2023 - 2025 intercettando i finanziamenti necessari per la realizzazione degli interventi strategici, gestire in modo coordianto i progetti finanziati e rispettare i relativi cronoprogrammi definiti con la UE.
A12: A.3 | B12: AZIONI E TEMPI - FASI | C12: cotsante: Presidio costante delle attività riferite al PNRR - SI
C13: costante: riunioni con il gruppo di lavoro del PNRR - INDIVIDUATO NEL DUP - SI
C14: costante: verifica adempimenti PNRR: SI
A16: A.4 | B16: DATA PRESUMIBILE REALIZZO | C16: entro 30/06/2026
A18: A.5 | B18: RESPONSABILE DELL'OBIETTIVO | C18: DOTT.SSA BIANCA MELI - SEGRETARIA GENERALE DELL'ENTE - dall'1/10/2024 AVV. PAOLO COPPOLA
A20: A.6 | B20: PERSONALE DELL'AREA COINVOLTO
A22: A.7 | B22: ALTRI SERVIZI COINVOLTI | C22: RESPONSABILE DEL SETTORE TECNICO, RESPONSABILE DEL SETTORE INFORMATICO, RESPONSABILE SETTORE AMMINISTRATIVO, RESPONSABILE RAGIONERIA (vedasi gruppo lavoro definito con il PEG)
A24: A.8 | B24: RISORSE FINANZIARIE | C24: nessuna
A26: A.9 | B26: INDICATORI DI EFFICIENZA | C26: numero riunioni/numero riunioni effettive: riunioni con amministratori e responsabili in occasione delle riunioni del comitato di direzione
A28: A.9 | B28: INDICATORI DI EFFICACIA
A30: A.9 | B30: INDICATORI DI ECONOMICITA'
A33: A,10 | B33: CRITICITA'
A35: A.11 | B35: VERIFICHE | C35: Verifica intermedia: realizzato al 90%
C36: Verifica finale: realizzato al 100%
C38: Il Responsabile - Il Segretario Generale
C39: Dott.ssa Bianca Meli - da 1/10/2025 Avv. Paolo Coppola

Sheet tempi medi pagamento
A1: Area ___________________________ Settore: SEGRETERIA GENERALE
A2: RESPONSABILE:
A3: PESO IN %
A5: MISSIONE: 01 PROGRAMMA:03 | B5: OBIETTIVO N. 3 - 2024 | C5: MONITORAGGIO TEMPESTIVITA' DEI PAGAMENTI E DEL DEBITO MEDIO COMMERCIALE
A6: OBIETTIVO DUP 2019 - 2024 | C6: obeittivi trasversali
A9: A.1 | B9: DESCRIZIONE | C9: Uno degli obiettivi del PNRR - è quello di migliore l'organizzazione degli Enti affinchè le pubbliche amministrazioni paghino gli operatori economici entro il termine di 30 giorni (entro 60 giorni per le autorità sanitarie regionali). L’obiettivo si propone di mantenere lo stock del debito residuo al 31/12/2023 inferiore al 5% del debito medio commerciale dell'esrcizio e dei tempi medi di pagamento mantenendoli al di sotto dei 30 gg. con il fine di evitare l’accantonamento di risorse nella parte corrente del bilancio privando l’amministrazione del loro utilizzo.
A10: A.2 | B10: FINALITA' | C10: proseguire nel miglioramento delle procedure interne di pagamento responsabilizzando i responsabili, evitando l’accantonamento di risorse nella parte corrente del bilancio privando l’amministrazione del loro utilizzo
A12: A.3 | B12: AZIONI E TEMPI - FASI | C12: costante: Attività di monitoraggio della PCC e verifica eventuali discordanze con la contabilità dell'Ente - SI
C13: costante: trasmissione periodica ai raponsabili fatture pervenute e non pagate da parte del settore ragioneria
C14: trimestralmente: pubblicazione dei tempi medi di pagamento - SI
A16: A.4 | B16: DATA PRESUMIBILE REALIZZO | C16: entro 31/12/2024
A18: A.5 | B18: RESPONSABILE DELL'OBIETTIVO | C18: DOTT.SSA BIANCA MELI - SEGRETARIA GENERALE DELL'ENTE - dall'1/10/2024 AVV. PAOLO COPPOLA
A20: A.6 | B20: PERSONALE DELL'AREA COINVOLTO
A22: A.7 | B22: ALTRI SERVIZI COINVOLTI | C22: L'obiettivo riguarda tutte le Aree dell'ente e riveste la natura di obiettivo di performance organizzativa e coinvolge TUTTI I RESPONSABILI DI SERVIZIO E IL SERVIZIO RAGIONERIA
A24: A.8 | B24: RISORSE FINANZIARIE
A26: A.9 | B26: INDICATORI DI EFFICIENZA | C26: Stock del debito residuo al 31/12/2024: inferiore al 5% del totale dei documenti ricevuti - si pari allo 0,12%
C27: Tempi medi di pagamento: inferiori a 30 gg - SI PARI A 24 GG. (RITARDO DI 4 GG)
A28: A.9 | B28: INDICATORI DI EFFICACIA
A30: A.9 | B30: INDICATORI DI ECONOMICITA'
A33: A,10 | B33: CRITICITA'
A35: A.11 | B35: VERIFICHE | C35: Verifica intermedia: REALIZZATO AL 90%
C36: Verifica finale: REALIZZATO AL 100%
C38: Il Responsabile - Il Segretario Generale
C39: Dott.ssa Bianca Meli - da 1/10/2025 Avv. Paolo Coppola

Sheet badari
C3: Comune di Porto Mantovano
C7: Piano degli Obiettivi 2024 - 2026
B15: SETTORE AMMINISTRATIVO
C16: DOTT.SSA SARA BADARI

Sheet scheda obiettivo (già 2022 23)
A1: Settore Amministrativo
A2: RESPONSABILE: | B2: SARA BADARI
A3: PESO IN %
A5: MISSIONE: 1 PROGRAMMA: 1 | B5: OBIETTIVO N. 4 - 2024 | C5: Gestione documentale: cartacea e informatica. Continuazione
A6: OBIETTIVO DUP 2019 - 2024 | C6: Potenziare ulteriormente gli strumenti informatici in termini di fruibilità dei servizi, facilità di accesso agli stessi e trasparenza dell'azione amministrativa
A8: A.1 | C8: Italia digitale 2026 è il piano strategico per la transizione digitale e la connettività promosso dal Dipartimento per la trasformazione digitale. Il Piano, che raccoglie il 27% delle risorse di Italia domani, si sviluppa su due assi. Il primo asse (6,71 miliardi) riguarda le infrastrutture digitali e la connettività a banda ultra larga. Il secondo (6,74 miliardi) riguarda tutti quegli interventi volti a trasformare la Pubblica Amministrazione (PA) in chiave digitale. I due assi sono necessari per garantire che tutti i cittadini abbiano accesso a connessioni veloci per vivere appieno le opportunità che una vita digitale può e deve offrire e per migliorare il rapporto tra cittadino e pubblica amministrazione rendendo quest’ultima un alleato nella vita digitale dei cittadini.
A9: A.2 | B9: FINALITA' | C9: Digitalizzare e dematerializzare con adozione manuale di Gestione Documentale, miglioramento Protocollo Informatico. Rafforzare le conoscenze di base sul tema dei documenti informatici, sulla loro formazione e su come possano essere gestiti e conservati attraverso i sistemi di gestione documentale e di conservazione anche ai fini del PNRR
A11: A.3 | B11: AZIONI E TEMPI - FASI | C11: 31/03/2024: formazione uffici su gestione documentale 30/06/2024: sottoposizione del manuale di gestione documentale alla Soprintendenza archivistica 30/06/2024: fascicolazione digitale a cura di ciascun ufficio del Comune 31/12/2024: approvazione del Manuale di Gestione documentale
A13: A.4 | B13: DATA PRESUMIBILE REALIZZO | C13: 45657
A15: A.5 | B15: RESPONSABILE DELL'OBIETTIVO | C15: Badari Sara in collaborazione con servizi infomatici e di transizione al digitale
A17: A.6 | B17: PERSONALE DELL'AREA COINVOLTO | C17: tutti i dipendenti del settore amministrativo
A19: A.7 | B19: ALTRI SERVIZI COINVOLTI | C19: servizi informatici; tutti gli uffici dell'ente
A21: A.8 | B21: RISORSE FINANZIARIE
A23: A.9 | B23: INDICATORI DI EFFICIENZA
A25: A.9 | B25: INDICATORI DI EFFICACIA | C25: creazione fascicoli digitali per almeno 4 titoli del Piano di classificazione - Titolario
A27: A.9 | B27: INDICATORI DI ECONOMICITA'
A29: A,10 | B29: CRITICITA' | C29: Obiettivo strettamente legato al PNRR, al piano della digitalizzazione e della conservazione digitale da esaminare con il Responsabile della Transizione al Digitale e realizzare con il contributo di tutti i Responsabili di settore e di tutti i dipendenti
A31: A.11 | B31: VERIFICHE | C31: Verifica intermedia: REALIZZATO 100%. Creati fascicoli per 9 titoli del piano di classificazione
C32: Verifica finale: REALIZZATO 100%. Creati fascicoli per 9 titoli del piano di classificazione
C34: Il Responsabile di Posizione Organizzativa
C35: dott.ssa Sara Badari

Sheet scheda obiettivo (già 2022 23) 
A1: Settore Amministrativo
A2: RESPONSABILE: | B2: SARA BADARI
A3: PESO IN %
A5: MISSIONE: 1 PROGRAMMA: 1 | B5: OBIETTIVO N. 5 - 2024 | C5: Syllabus Continuazione
A6: OBIETTIVO DUP 2019 - 2024 | C6: Potenziare ulteriormente gli strumenti informatici in termini di fruibilità dei servizi, facilità di accesso agli stessi e trasparenza dell'azione amministrativa
A8: A.1 | B8: DESCRIZIONE | C8: Fornire una offerta formativa ampia, gratuita e costantemente aggiornata. Utile per migliorare le competenze dei dipendenti pubblici e per supportare i processi di innovazione delle amministrazioni, a partire da quelli relativi alla transizione digitale, ecologica e amministrativa. Utile per promuovere la formazione che affronti il tema delle violenze, molestie psicologiche e sessuali nei luoghi di lavoro
A9: A.2 | B9: FINALITA' | C9: migliorare le competenze digitali dei dipendenti del Comune di Porto Mantovano a supporto dei processi di innovazione della pubblica amministrazione e, più in generale, del miglioramento della qualità dei servizi erogati a cittadini e imprese, in armonia con la Direttiva del Ministro per la pubblica amministrazione del 24 marzo 2023, documento centrale per il rinnovamento della Pubblica Amministrazione, in linea con gli obiettivi del PNRR. Promuovere una formazione che affronti il tema delle violenze, molestie psicologiche e sessuali nei luoghi di lavoro, così come indicato dalla convenzione OIL (Organizzazione Internazionale del Lavoro) 190 ratificata il 29/10/2021 dall'Italia
A11: A.3 | B11: AZIONI E TEMPI - FASI | C11: 31/12/2024: attività di formazione digitale, transizione ecologica e amministrativa; formazione in materia violenze e molestie sul luogo di lavoro per assicurare la dignità e il rispetto di tutti
A13: A.4 | B13: DATA PRESUMIBILE REALIZZO | C13: 45657
A15: A.5 | B15: RESPONSABILE DELL'OBIETTIVO | C15: Badari Sara
A17: A.6 | B17: PERSONALE DELL'AREA COINVOLTO | C17: tutti i dipendenti del Comune
A19: A.7 | B19: ALTRI SERVIZI COINVOLTI | C19: Responsabili di settore del Comune di Porto Mantovano
A21: A.8 | B21: RISORSE FINANZIARIE
A23: A.9 | B23: INDICATORI DI EFFICIENZA
A25: A.9 | B25: INDICATORI DI EFFICACIA | C25: numero dipendenti che hanno seguito corsi di formazione Syllabus sul totale dei dipendenti (almeno 20%)
A27: A.9 | B27: INDICATORI DI ECONOMICITA'
A29: A,10 | B29: CRITICITA' | C29: Obiettivo utile per la realizzazione del piano della digitalizzazione e del PNRR
A31: A.11 | B31: VERIFICHE | C31: Verifica intermedia: in fase di realizzazione. Accreditati tutti i dipendenti in Syllabus
C32: Verifica finale: raggiunto al 100%
C34: Il Responsabile di Posizione Organizzativa
C35: dott.ssa Sara Badari

Sheet scheda obiettivo (già 2023)
A1: Settore Servizi Informatici e Settore Amministrativo
A2: RESPONSABILE: | B2: Badari
A3: PESO IN %
A5: MISSIONE: 1 PROGRAMMA: 1 | B5: OBIETTIVO N. 6 - 2024 | C5: POTENZIAMENTO DEI SERVIZI DEMOGRAFICI (continuazione)
A6: OBIETTIVO DUP | C6: Potenziare ulteriormente gli strumenti informatici in termini di fruibilità dei servizi, facilità di accesso agli stessi e trasparenza dell'azione amministrativa
A8: A.1 | B8: DESCRIZIONE | C8: l'obiettivo ha come scopo il miglioramento dei servizi demografici con: stato civile digitale ANSC; agenda condivisa appuntamenti allo sportello; pronta disponibilità (min. 2 ore) per decessi nei giorni feriali non lavorativi e nei giorni festivi per erogazione servizi essenziali entro due giorni; digitalizzazione ruoli matricolari liste di leva
A9: A.2 | B9: FINALITA' | C9: migliorare i servizi demografici usufrutiti dagli utenti esterni (pubblico, altre pubbliche amministrazioni, Stato, concessionari di pubblici servizi, ordini professionali, ecc)
A11: A.3 | B11: AZIONI E TEMPI - FASI | C11: 31/12/2024: agenda condivisa appuntamenti
C12: 31/12/2025 subentro stato civile in ANSC
C13: durante tutto il periodo: pronta disponibilità ufficiali satato civile per atti di morte
A15: A.4 | B15: DATA PRESUMIBILE REALIZZO | C15: 46022
A17: A.5 | B17: RESPONSABILE DELL'OBIETTIVO | C17: Responsabile servizi demografici
A19: A.6 | B19: PERSONALE DELL'AREA COINVOLTO | C19: servizi demografici: ufficiali di anagrafe e di stato civile
A21: A.7 | B21: ALTRI SERVIZI COINVOLTI
A23: A.8 | B23: RISORSE FINANZIARIE | C23: per la pronta disponibilità ufficiali di stato civile € 7,57 a giornata non lavorativa feriale ed € 10,00 a giornata festiva. Risorse attinte dal fondo produttività; contributi dello Stato per il subentro in ANPR, ANSC; risorse proprie dell'ente per adeguamenti software
A25: A.9 | B25: INDICATORI DI EFFICIENZA | C25: rispetto tempistiche A.3
A27: A.9 | B27: INDICATORI DI EFFICACIA | C27: digitalizzazione ruoli matricolari (almeno 10 anni)
A29: A.9 | B29: INDICATORI DI ECONOMICITA'
A32: A,10 | B32: CRITICITA'
A34: A.11 | B34: VERIFICHE | C34: Verifica intermedia: realizzata la fase "agenda condivisa appuntamenti"
C35: Verifica finale: realizzato al 100% per le fasi 2024
C37: I Responsabili di Posizione Organizzativa
C38: dott.ssa Badari Sara

Sheet del bon 
C3: Comune di Porto Mantovano
C7: PEG / PDO 2024 - 2026
B15: SETTORE RAGIONERIA - TRIBUTI - CONTROLLO DI GESTIONE
C16: DOTT.SSA ANGELA DEL BON

Sheet 1 - del bon regolamenti
A1: SETTORE RAGIONERIA - TRIBUTI - CONTROLLO DI GESTIONE - PARTECIPATE
A2: RESPONSABILE: | B2: ANGELA DEL BON
A4: MISSIONE: 1 PROGRAMMA: 4 | B4: OBIETTIVO N. 7 - 2024 | C4: REVISIONE E DEFINZIONE DELLE PROCEDURE DI ACCERTAMENTO - AGGIORNAMENTO DEI REGOLAMENTI TRIBUTARI VIGENTI IN BASE ALLA NUOVA NORMATIVA TRIBUTARIA
A6: OBIETTIVO DUP 2019 - 2024
A8: A.1 | B8: DESCRIZIONE | C8: Il D.L. 219/2023 pubblicato nella Gazzetta Ufficiale del 03.01.2024 n. 2, introduce importanti modifiche allo Statto del contribuente in attuazione della riforma fiscale. La legge delega di riforma fiscale prevede tra i principi e criteri direttivi specifici per la revisione dello Statuto dei diritti del contribuente quello di “valorizzare il principio del legittimo affidamento del contribuente e il principio di certezza del diritto”. In particolare l’articolo 6-bis della Legge n. 212/2000, recante lo Statuto dei diritti del contribuente, introdotto dall’articolo 1 del decreto legislativo n. 219/2023, prevede l’obbligo, per gran parte degli atti, di avviare un contraddittorio informato ed effettivo ai fini della partecipazione procedimentale, finalizzata all’emissione dell’avviso di accertamento esecutivo per il recupero dei tributi non versati. Tali norvità introdotte dal D.L. 2019/2023 richiedono in primo luogo una revisione dei regolamenti adottati dall'Ente e la definizione di nuove fasi per la gestione degli accertamenti tributari e per la gestione del contradditorio con il contribuente.
A9: A.2 | B9: FINALITA' | C9: Adeguamento normativo dei dei regolamenti e redazione di nuovi regolamenti coerenti con la vigente normativa. Aggiornamento e redazione del nuovo regolamento IMU ed eventuale aggiornamento regolamento entrate - revisione regolamento CUP
A11: A.3 | B11: AZIONI E TEMPI | C11: Studio della normativa IMU e entrate tributarie e patrimoniali: entro il 31/5/2024 - SI
C12: Studio normativa in materia di tariffa rifiuti e valutazione effetti sulla regolamentazione della tariffa delle direttive di ARERA - verifica della necessità di modifica del vigente regolamento: entro il 30/4/2024 - SI
C13: entro il 31/5/2024: adeguamento delle procedure e dei modelli dell'ufficio tributi - in corso
C14: costante: continuo aggiornamento delle informazioni contenute nella banca dati con verifiche mirate su alcune fattispecie di contribuenti - SI
C15: redazione nuovo regolamento IMU e adeguamento regolamento generale entrate: entro il 31/12/2024 - SI, per il 2024 è necessario il solo aggiornamento del regolamento entrate
C16: approvazione in consiglio comunale regolamenti IMU e Entrate (acquisizione parere del Collegio dei revisori, analisi in commissione regolamenti e approvazione in consiglio): entro la data fissata per l'approvazione del bilancio enti locali - IN CORSO, solo per regolamento entrate
C17: regolamento corrispettivo rifiuti: eventuale approvazione in consiglio comunale entro 30/4/2024 - nessuna modifica al regolamento deve essere apportata
C18: Aggiornamento in consiglio comunale del regolamento del canone unico (acquisizione parere del Collegio dei revisori, analisi in commissione regolamenti e approvazione in consiglio): entro la data fissata per l'approvazione del bilancio 2024 - SI, modificato nel mese di gennaio 2024
A19: A.4 | B19: DATA PRESUMIBILE REALIZZO | C19: termine : ENTRO IL 31/12/2024 o comunque entro la data di approvazione del bilancio
A21: A.5 | B21: RESPONSABILE DELL'OBIETTIVO | C21: Responsabile settore tributi
A23: A.6 | B23: PERSONALE DELL'AREA COINVOLTO | C23: servizio contabilità e tributi
A25: A.7 | B25: ALTRI SERVIZI COINVOLTI
A27: A.8 | B27: RISORSE FINANZIARIE | C27: nesuna
A29: A.9 | B29: INDICATORI DI EFFICIENZA | C29: redazione/aggiornamento dei regolamenti tributari entro la data fissata per legge: SI
A31: A.9 | B31: INDICATORI DI EFFICACIA | C31: redazione/aggiornamento dei regolamenti tributari entro la data fissata per legge: almeno 3: n. 3 regolamenti modificati o di nuova approvazione
A33: A.9 | B33: INDICATORI DI ECONOMICITA'
A36: A,10 | B36: CRITICITA' | C36: la normativa è in continua evoluzione e si resta in attesa di decreti attuativi
A38: A.11 | B38: VERIFICHE | C38: Verifica intermedia: REALIZZATO AL 90% - le proposte sono state redatte e dovranno essere approvate prima dell'approvazione del bilancio
C39: Verifica finale: realizzato al 100% entro la data di approvazione del bilancio 2024 (avvenuta il 30/12/2024).
C41: Il Responsabile di Posizione Organizzativa
C42: Dott.ssa Angela Del Bon

Sheet 4- PNRR e finanziamenti
A1: Settore RAGIONERIA, TRIBUTI, CONTROLLO DI GESTIONE E PARTECIPATE
A2: RESPONSABILE: | B2: DEL BON ANGELA
A3: PESO IN %
A5: MISSIONE: PROGRAMMA: | B5: OBIETTIVO N. 8 - 2024 | C5: SUPPORTARE LE ATTIVITA' DEI SETTORI AL FINE DI MIGLIORARE LA PARTECIPAZIONE DELL'ENTE AI FINANZIAMENTI A FONDO PERDUTO E DEL PNRR E ALLA GESTIONE DEI FINANZIAMENTI A FONDO PERDUTO E DEL PNRR IN LNEA CON LE PRIORITA' DELLA UE
A6: OBIETTIVO DUP 2019 - 2024 | B6: anni 2022 - 2023 - 2024 | C6: OBIETTIVI STRATEGICI DIVERSI DEL D.U.P. (inclusi nella missione 1 - 4 - 9 - 10) - LAVORI PUBBLICI - OPERE E INTERVENTI PNRR - GESTIONE DEL PNRR
A8: A.1 | B8: DESCRIZIONE | C8: L'obiettivo è quello di supportare l'ente e i diversi settori nell'attività di accesso alle opportunità di finanziamento offerte dall'Unione europea con il PNRR. Tramite il fondo pluriennale vincolato sarà possibile iscrivere a bilancio il conorporogramma delle opere e degli interventi secondo le tempistiche e le scadenze definiti dalla disciplina di ciascuna linea di finanziamento. Al fine di adempiere alle prescirizioni di legge e di agevolare la rendicontazione circa l'utilizzo dei fondi la contabilità dell'Ente dovrà garantire il tracciamento di ogni singolo finanziamento.
A9: A.2 | B9: FINALITA' | C9: gestione contabile dei finanziamenti PNRR e a fondo perduto.
A11: A.3 | B11: AZIONI E TEMPI - FASI | C11: entro il 31.12.2024 - COSTANTE: Collaborare con gli amministratori e i servizi dell'Ente nell'iscrizione a bilancio e nei documenti di programmazione delle progettualità finanziate a fondo perduto e dal PNRR - iscrizione nuove progettualità - EFFETTUARE VARIAZIONI DI BILANCIO, AGGIORNAMENTO DESCRIZIONE DEI CAPITOLI DEL PNRR COME DA INDICAZONI DELLA RGS, ESAME DELLA NECESSITA' DI COSTITUIRE LA CASSA VINCOLATA. ISCRIZIONE AL REGISTRO ReGIS - COTITUZIONE E GESTIONE FPV - COLLABORAZIONE CON I SETTORI IN FASE DI RENDICONTAZIONE - SI
C12: entro il 31.12.2024: gestione contabile e tracciamento dei finanziamenti del PNRR - SI
C13: entro il 31.12.2024: gestione della cassa vincolata - SI, aggiornata costantemente il vincolo del PNRR
C14: entro il 31.12.2024: supporto in fase di rendicontazione periodica e finale dell'utilizzo dei finanziamenti ottenuti - SI, costantemente
A16: A.4 | B16: DATA PRESUMIBILE REALIZZO | C16: 31.12.2024 (e comunque tenuto conto dei cronoprogrammi delle opere e dei singoli finanziamenti)
A18: A.5 | B18: RESPONSABILE DELL'OBIETTIVO | C18: Responsabile del settore ragioneria
A20: A.6 | B20: PERSONALE DELL'AREA COINVOLTO | C20: personale del settore ragioneria e tributi
A22: A.7 | B22: ALTRI SERVIZI COINVOLTI | C22: tutti i settori dell'Ente
A24: A.8 | B24: RISORSE FINANZIARIE | C24: nessuna spesa a carico dell'Ente per l'attuazione dell'obiettivo
A26: A.9 | B26: INDICATORI DI EFFICIENZA | C26: n. finanziamenti gestiti a bilancio: valore atteso 10 - n. 12 finanziamenti gestiti
A28: A.9 | B28: INDICATORI DI EFFICACIA
A30: A.9 | B30: INDICATORI DI ECONOMICITA'
A33: A,10 | B33: CRITICITA'
A35: A.11 | B35: VERIFICHE | C35: Verifica intermedia: realizzato al 100%
C36: Verifica finale: realizzato al 100%
C38: Il Responsabile di Posizione Organizzativa
C39: Dott.ssa Angela Del Bon

Sheet dal bosco 
C3: Comune di Porto Mantovano
C7: Piano degli Obiettivi 2024 - 2026
B15: SETTORE ATTIVITA' PRODUTTIVE - ATTIVITA' CULTURALI - SERVIZI INFORMATICI
C16: DOTT.SSA EMANUELA DAL BOSCO

Sheet scheda obiettivo 2022 spazi com
A1: Area Servizi Finanziari e Amministrativa: Attività Produttive - Attività Culturali - Economato e informatica
A2: RESPONSABILE: | B2: DAL BOSCO EMANUELA
A3: PESO IN %
A5: MISSIONE: 5 PROGRAMMA: | B5: OBIETTIVO N. 9 - 2024 | C5: Tutela e valorizzazione dei beni e delle attività culturali e promozione degli spazi di comunità del nostro Comune
A6: OBIETTIVO DUP 2019 - 2024 | C6: "Casette del libro" - installare le casette del libro lungo le ciclabili
A9: A.1 | B9: DESCRIZIONE | C9: Progetto "Prendi un libro, porta un libro", libri accessibili a tutti, gratuitamente.
A10: A.2 | B10: FINALITA' | C10: Accrescere il senso di comunità e la creatività attraverso lo scambio gratuito di libri ispirato dall’amore per la lettura e la conoscenza, installando le "Casette del Libro" lungo le ciclabili e nei parchi pubblici in cui i cittadini potranno prendere e lasciare libri.
A12: A.3 | B12: AZIONI E TEMPI - FASI | C12: Fase 1: Definizione luoghi installazione Casette del Libro entro il 30/06/2022 - ATTUATA
C13: Fase 2: Realizzazione delle Casette del Libro entro 31/07/2022; INSTALLAZIONE DEL PRIMO LOTTO DI CASETTE ENTRO IL 31/12/2022 definizione accordi di collaborazione con associazione di volontariato per la realizzazione del progetto entro il 30/06/2025
C14: Fase 3: Realizzazione delle Casette del Libro entro 31/07/2022; 30/06/2023; 31/08/2025
C15: Fase 4: Installazione Casette del Libro entro il 31/08/2022; 30/09/2023; 30/09/2025
C16: Fase 5: Attivazione del servizio Casette del Libro entro 04/09/2022; 31/10/2025;
A18: A.4 | B18: DATA PRESUMIBILE REALIZZO | C18: 31/10/2023 - 31/10/2025
A20: A.5 | B20: RESPONSABILE DELL'OBIETTIVO | C20: Responsabile SUAP -Cultura
A22: A.6 | B22: PERSONALE DELL'AREA COINVOLTO | C22: Personale SUAP - Cultura
A24: A.7 | B24: ALTRI SERVIZI COINVOLTI | C24: Società partecipata ASEP srl
A26: A.8 | B26: RISORSE FINANZIARIE
A28: A.9 | B28: INDICATORI DI EFFICIENZA
A30: A.9 | B30: INDICATORI DI EFFICACIA
A32: A.9 | B32: INDICATORI DI ECONOMICITA'
A35: A,10 | B35: CRITICITA'
A37: A.11 | B37: VERIFICHE | C37: Verifica intermedia: REALIZZATA FASE 1: 25% - termine obiettivo riprogrammato al 2025
C38: Verifica finale: da completare nelle fasi 2), 3), 4) e 5). Obiettivo da rivedere tenendo conto delle nuove linee programmatiche e del DUP. Punti 1), 2), 3) realizzati. Punti 4) e 5) in corso di realizzazione entro il 31/07/2025.
C39: Il Responsabile di Posizione Organizzativa
C40: dott.ssa Emanuela Dal Bosco

Sheet scheda obiettivo 2022 valoriz
A1: Area Servizi Finanziari e Amministrativa: Attività Produttive - Attività Culturali - Economato e informatica
A2: RESPONSABILE: | B2: DAL BOSCO EMANUELA
A3: PESO IN %
A5: MISSIONE: PROGRAMMA: | B5: OBIETTIVO N. 10 - 2024 | C5: Tutela e valorizzazione dei beni e delle attività culturali
A6: OBIETTIVO DUP 2019 - 2024 | C6: Riorganizzare la biblioteca e i servizi collegati
A9: A.1 | B9: DESCRIZIONE | C9: Regolamento servizio pubblico erogato dalle Biblioteche Comunali
A10: A.2 | B10: FINALITA' | C10: Garantire sempre più a tutte le persone, il libero accesso all’informazione e alla conoscenza.
A12: A.3 | B12: AZIONI E TEMPI - FASI | C12: Fase 1: Stesura prima bozza Regolamento Biblioteche Comunali entro il 31/08/2022; 31/10/2025
C13: Fase 2: Approvazione Regolamento Biblioteche Comunali entro 31/10/2022; 30/11/2025
C14: Fase 3: Attuazione contenuti Regolamento Biblioteche Comunali 31/12/2022; 31/12/2025
A17: A.4 | B17: DATA PRESUMIBILE REALIZZO | C17: 46022
A19: A.5 | B19: RESPONSABILE DELL'OBIETTIVO | C19: Responsabile SUAP -Cultura
A21: A.6 | B21: PERSONALE DELL'AREA COINVOLTO | C21: Personale SUAP - Cultura
A23: A.7 | B23: ALTRI SERVIZI COINVOLTI | C23: Società partecipata ASEPsrl
A25: A.8 | B25: RISORSE FINANZIARIE
A27: A.9 | B27: INDICATORI DI EFFICIENZA
A29: A.9 | B29: INDICATORI DI EFFICACIA
A31: A.9 | B31: INDICATORI DI ECONOMICITA'
A34: A,10 | B34: CRITICITA'
A36: A.11 | B36: VERIFICHE | C36: Verifica intermedia: riprogrammato al 2025
C37: Verifica finale: da riprogrammare tenendo conto delle nuove linee programmatiche e del DUP. Approvato il Regolamento con DCC n. 16+ del 29/04/2025 e attivazione contenuti dello stesso.
C39: Il Responsabile di Posizione Organizzativa
C40: dott.ssa Emanuela Dal Bosco

Sheet scheda obiettivo 2022 telefonia
A1: Area Servizi Finanziari e Amministrativa: Attività Produttive - Attività Culturali - Economato e informatica
A2: RESPONSABILE: | B2: DAL BOSCO EMANUELA
A3: PESO IN %
A5: MISSIONE: PROGRAMMA: | B5: OBIETTIVO N. 11 - 2024 | C5: Miglioramento in termini di efficienza ed efficacia dell'infrastruttura tecnologiche dell'Ente ai fini della connettivià internet e telefonia
A6: OBIETTIVO DUP 2019 - 2024 | C6: Potenziare ulteriormente gli strumenti informatici
A9: A.1 | B9: DESCRIZIONE | C9: Portare a termine le procedure necessarie affinchè l'infrastruttura tecnologica dell'Ente e la conseguente capacità di connessione internet e telefonica possa accrescere in termini di efficienza ed efficacia, secondo quanto indicato dalla delibra di Giunta Comunale n. 172 del 23/12/2022
A10: A.2 | B10: FINALITA' | C10: Favorire l'insediamento della fibra ottica sul territorio comunale per migliorare la qualità dei servizi digitali ai cittadini, garantire la competitività delle imprese sul territorio e migliorare il servizio di fonia e dati presso gli immobili di proprietà dell'Ente transitando ad una tecnologia più evoluta rispetto a quella attuale
A12: A.3 | B12: AZIONI E TEMPI - FASI
A16: A.4 | B16: DATA PRESUMIBILE REALIZZO | C16: 46022
A18: A.5 | B18: RESPONSABILE DELL'OBIETTIVO | C18: Responsabile Servizi Informatici
A20: A.6 | B20: PERSONALE DELL'AREA COINVOLTO | C20: Personale Servizi Informatici ed Economato
A22: A.7 | B22: ALTRI SERVIZI COINVOLTI
A24: A.8 | B24: RISORSE FINANZIARIE | C24: Assegnate ai Servizi Informatici
A26: A.9 | B26: INDICATORI DI EFFICIENZA
A28: A.9 | B28: INDICATORI DI EFFICACIA
A30: A.9 | B30: INDICATORI DI ECONOMICITA'
A33: A,10 | B33: CRITICITA'
A35: A.11 | B35: VERIFICHE | C35: Verifica intermedia: riprogrammato al 2025
C36: Verifica finale: da riprogrammare tenendo conto delle nuove linee programmatiche e del DUP.
C38: Il Responsabile di Posizione Organizzativa

Sheet scheda obiettivo 2022 PNRR DIGI
A1: Area Servizi Finanziari e Amministrativa: Attività Produttive - Attività Culturali - Economato e informatica
A2: RESPONSABILE: | B2: DAL BOSCO EMANUELA
A3: PESO IN %
A5: MISSIONE: PROGRAMMA: | B5: OBIETTIVO N. 12 - 2024 | C5: Implementazione dei servizi previsti dai bandi PNRR digitale
A6: OBIETTIVO DUP 2019 - 2024 | C6: Potenziare ulteriormente gli strumenti informatici
A9: A.1 | B9: DESCRIZIONE | C9: Dare seguito all’aggiudicazione delle risorse relative ai bandi PNRR digitale tramite l’implementazione dei servizi previsti dagli stessi secondo le modalità e tempi stabiliti.
A10: A.2 | B10: FINALITA' | C10: Semplificare al massimo la burocrazia e i tempi di attesa, migliorando l’accesso ai servizi e rendendo l’attività amministrativa più trasparente
A12: A.3 | B12: AZIONI E TEMPI - FASI | C12: Fase 1: partecipazione nuovi bandi PNRR anno 31/01/2023.
C13: Fase 2: individuazione fornitori e affidamento servizi entro il 30/11/2023.
C14: Fase 3: realizzazione interventi servizi entro 30 novembre 2024.
A16: A.4 | B16: DATA PRESUMIBILE REALIZZO
A18: A.5 | B18: RESPONSABILE DELL'OBIETTIVO | C18: Responsabile Servizi Informatici
A20: A.6 | B20: PERSONALE DELL'AREA COINVOLTO
A22: A.7 | B22: ALTRI SERVIZI COINVOLTI
A24: A.8 | B24: RISORSE FINANZIARIE | C24: risorse derivanti dai bandi PNRR
A26: A.9 | B26: INDICATORI DI EFFICIENZA
A28: A.9 | B28: INDICATORI DI EFFICACIA
A30: A.9 | B30: INDICATORI DI ECONOMICITA'
A33: A,10 | B33: CRITICITA'
A35: A.11 | B35: VERIFICHE | C35: Verifica intermedia: Fase 1 e 2 attuata - realizzato al 60%
C36: Verifica finale: Realizzati al 100%: Misura 1.4.3 APP IO - Missione 1 Componente 1 del PNRR - Investimento 1.4 “SERVIZI E CITTADINANZA DIGITALE”; Misura 1.4.3 PagoPA' COMUNI - Missione 1 Componente 1 del PNRR - Investimento 1.4 “SERVIZI E CITTADINANZA DIGITALE"; Misura 1.3.1. Piattaforma Digitale Nazionale Dati - COMUNI - PNRR M1C1 Investimento 1.3 “DATI E INTEROPERABILITÀ”; Misura 1.4.5 Piattaforma Notifiche Digitali (Comuni) - PNRR M1C1 Investimento 1.4 “SERVIZI E CITTADINANZA DIGITALE”; Verifica al 31/12/2024 superate positivamente le verifiche di conformità tecnica Misura Investimento 1.2 Abilitazione al Cloud per le PA locali Comuni (aprile 2022) M1C1
C38: Il Responsabile di Posizione Organizzativa

Sheet PUTTINI
C3: Comune di Porto Mantovano
C7: Piano degli Obiettivi 2024 - 2026
B15: SETTORE SERVIZI ALLA PERSONA
C16: DOTT.SSA ANNA KATIA PUTTINI

Sheet scheda obiettivo 1 2024
A1: Area ___________________________ Settore_________________________________
A2: RESPONSABILE: | B2: ANNA PUTTINI
A3: PESO IN %
A5: MISSIONE: PROGRAMMA: | B5: OBIETTIVO N. 13 - 2024 | C5: SERVIZIO DI TRASPORTO SCOLASTICO. NUOVO AFFIDAMENTO
A6: OBIETTIVO DUP 2019 - 2024
A9: A.1 | B9: DESCRIZIONE | C9: Il servizio trasporto scolastico è istituito come intervento volto ad agevolare la frequenza e l’integrazione al sistema scolastico degli alunni, salvaguardando il principio del diritto allo studio. E’ intervento diretto che assicura la frequenza scolastica degli alunni alle scuole dell’infanzia, primaria e secondaria di primo grado del territorio comunale e stabilisce che il servizio di trasporto scolastico debba essere svolto in condizioni di sicurezza idonee a garantire la protezione dei soggetti trasportati. Il Comune di Porto Mantovano ha attivo il servizio di trasporto scolastico, assistenza e accompagnamento scuolabus per gli alunni frequentanti le scuole dell’infanzia, primaria e secondaria di primo grado del comune di Porto Mantovano. Con Deliberazione n. 67 del 26/07/2022 si è provveduto ad affidare la gestione dei servizi di trasporto scolastico, assistenza e accompagnamento scuolabus per gli alunni frequentanti le scuole dell'infanzia, primaria e secondaria di primo grado del comune di Porto Mantovano per due (2) anni scolastici 2022/2023-2023/2024. E' necessario pertanto provvedere a definire le modalità di nuovo affidamento del servizio di trasporto scolastico a partire dal 01,09,2024
A10: A.2 | B10: FINALITA' | C10: Ai sensi dell’art. 112 comma 1 del D.lgs. 18 agosto 2000 n. 267 “Gli enti locali, nell'ambito delle rispettive competenze, provvedono alla gestione dei servizi pubblici che abbiano per oggetto produzione di beni ed attività rivolte a realizzare fini sociali e a promuovere lo sviluppo economico e civile delle comunità locali.” Il servizio di trasporto scolastico, è un servizio pubblico locale ( art. 2 del D.lgs. 201/2022 lettera c.) servizio di interesse generale volto a soddisfare i bisogni di una comunità indifferenziata di cittadini, non solo in termini economici, ma anche in termini di promozione sociale e, come tale, non può essere sospeso.
A12: A.3 | B12: AZIONI E TEMPI - FASI | C12: fase 1) entro 31/03/2024 verifica organizzazione trasporto anno scolastico
C14: fase 2) entro 31/07/2024 predisposizione atti per affidamento
A16: A.4 | B16: DATA PRESUMIBILE REALIZZO | C16: 45535
A18: A.5 | B18: RESPONSABILE DELL'OBIETTIVO | C18: responsabile Area servizi alla Persona
A20: A.6 | B20: PERSONALE DELL'AREA COINVOLTO | C20: servizi scolastici
A22: A.7 | B22: ALTRI SERVIZI COINVOLTI | C22: servizi finanziari
A24: A.8 | B24: RISORSE FINANZIARIE | C24: risorse assegnate ai servizi scolastici
A26: A.9 | B26: INDICATORI DI EFFICIENZA | C26: rispetto della tempistica di realizzazione dell'obiettivo
A28: A.9 | B28: INDICATORI DI EFFICACIA | C28: rispetto della tempistica di realizzazione dell'obiettivo
A30: A.9 | B30: INDICATORI DI ECONOMICITA'
A33: A,10 | B33: CRITICITA'
A35: A.11 | B35: VERIFICHE | C35: Verifica intermedia: realizzato al 100%
C36: Verifica finale: realizzato al 100%
C38: Il Responsabile di Posizione Organizzativa

Sheet scheda obiettivo 2  2024 
A1: Area ___________________________ Settore_________________________________
A2: RESPONSABILE: | B2: ANNA PUTTINI
A3: PESO IN %
A5: MISSIONE: PROGRAMMA: | B5: OBIETTIVO N. 14 - 2024 | C5: NUOVA ATTIVAZIONE SERVIZIO PEDIBUS E BICIBUS
A6: OBIETTIVO DUP 2019 - 2024
A9: A.1 | B9: DESCRIZIONE | C9: I servizi di pedibus e bicibus sono forme di trasporto scolastico per gli alunni dellesciole primarie e secondarie di 1° che vengono accompagnati a piedi a scuola da adulti con le stesse modalità (percorsi, fermate) dello scuolabus. In pratica, i bambini, anziché prendere l'autobus o lo scuolabus, alla fermata si aggregano ad una comitiva guidata da alcuni addetti giungendo fino a scuola, e compiendo il percorso inverso ritornando a casa. I servizi erano già stati attivati in passato, a causa Covid si sono interroti e non sono più riapartiti
A10: A.2 | B10: FINALITA' | C10: La finalità è promuovere l'esercizio fisico nei bambini educandoli a muoversi a piedi o in bicicletta preferendo, nelle piccole distanze, queste modalità all'auto o al trasporto pubblico. Lo scopo principale è di educare ad una cultura ambientale e salutistica. Il progetto in definitiva, nato con lo specifico scopo di combattere il crescente fenomeno dell'obesità infantile, oltre a promuovere la socializzazione e l'autostima dei bambini e cosa non secondaria ridurre il traffico veicolare nei pressi delle scuole giovando più in generale all'ambiente.
A12: A.3 | B12: AZIONI E TEMPI - FASI | C12: fase 1) entro 31/03/2024 organizzazione con acquisto materiali di sicurezza quali carrello porta zaino, copri-zaino impermeabile riflettente, mantelle per proteggersi in caso di pioggia e gilet di sicurezza;
C14: fase 2) entro 30/04/2024 attivazione servizi
A16: A.4 | B16: DATA PRESUMIBILE REALIZZO | C16: INIZIO ANNO SCOLASTICO 2024/2025
A18: A.5 | B18: RESPONSABILE DELL'OBIETTIVO | C18: responsabile Area servizi alla Persona
A20: A.6 | B20: PERSONALE DELL'AREA COINVOLTO | C20: servizi scolastici
A22: A.7 | B22: ALTRI SERVIZI COINVOLTI | C22: servizi finanziari
A24: A.8 | B24: RISORSE FINANZIARIE | C24: risorse assegnate ai servizi scolastici
A26: A.9 | B26: INDICATORI DI EFFICIENZA | C26: rispetto della tempistica di realizzazione dell'obiettivo
A28: A.9 | B28: INDICATORI DI EFFICACIA | C28: rispetto della tempistica di realizzazione dell'obiettivo
A30: A.9 | B30: INDICATORI DI ECONOMICITA'
A33: A,10 | B33: CRITICITA'
A35: A.11 | B35: VERIFICHE | C35: Verifica intermedia: le verifiche per l'attivazione dei servizi pedibus e bicibus per l'anno scolastico 2024/2025 sono state effettuate da questo servizio. La difficoltà nel reperire volontari non ha permessso la partenza di entrambi i servizi. Al 30/09 in partenza il pedibus su due percorsi :primaria Bancole e primaria S.Antonio. Obiettivo da riproporre nel 2025 . Per quanto di competenza realizzato al 100%
C36: Verifica finale: Causa la difficoltà nel reperire la disponibilità dei volontari e la successiva gestione non si è riusciti ad attivare il servizio prima del 21/10 . Il servizio è poi partito su due percorsi :primaria Bancole e primaria S.Antonio. Obiettivo da riproporre nel 2025 . Per quanto di competenza realizzato al 100%
C38: Il Responsabile di Posizione Organizzativa

Sheet scheda obiettivo 3  2024
A1: Area ___________________________ Settore_________________________________
A2: RESPONSABILE: | B2: ANNA PUTTINI
A3: PESO IN %
A5: MISSIONE: PROGRAMMA: | B5: OBIETTIVO N. 15 - 2024 | C5: NUOVO AFFIDAMENTO PER I SERVIZI DI ASSISTENZA SCOLASTICA AD PERSONAM, PRE SCUOLA, POST SCUOLA, ASSISTENZA DURANTE IL PASTO
A6: OBIETTIVO DUP 2019 - 2024
A9: A.1 | B9: DESCRIZIONE | C9: L'Amministrazione comunale, come previsto dalla legislazione vigente e nei limiti delle proprie disponibilità, attua interventi finalizzati a garantire il diritto allo studio e l'integrazione di alunni a rischio di emarginazione sociale; Agli Isitituti scolastici in cui sono frequentanti alunni residenti nel Comune di Porto Mantovano, sono assegnate figure educative che affianchino gli alunni portatori di handicap, ai sensi della suddetta legge 104/92, e in disagio scolastico. Inoltre sono attivati servizi di pre post scuola e assistenza durante il pasto con la presenza di educatori . L'attuale affidamento è in scadenza il 30/06/2024.
A10: A.2 | B10: FINALITA' | C10: La finalità è di dare riscontro rispondere alle richieste di figure educative inviate dai vari Istituti della Provincia di Mantova per il sostegno degli alunni portatori di handicap e in disagio scolastico . Inoltre, nell'ambito degli interventi a sostegno della famiglia, si organizzano servizi: • prescuola e postscuola, per gli alunni delle scuole dell’infanzia e primaria del capoluogo, a sostegno delle famiglie che necessitano di anticipare e/o posticipare la permanenza a scuola, per necessità di carattere familiare o specifiche esigenze di orari e turni di lavoro dei genitori/tutori; • assistenza con educatore in mensa, per garantire l'attuazione del tempo pieno e del tempo scuola con mensa.
A12: A.3 | B12: AZIONI E TEMPI - FASI | C12: fase 1) entro 31/03/2024 Attodi indirizzo per affidamento dei servizi di assistenza scolastica ad personam, prescuola, postscuola, assistenza durante il pasto, dal 01/09/2024 al 30/06/2026.
C13: fase 2) entro 30/04/2024 predisposizione atti per manifestazsione di interesse
C14: fase 3) entro 30/05/2024 predisposizione atti di gara
C15: fase 4) entro 31/07/2024 aggiudicazione
A17: A.4 | B17: DATA PRESUMIBILE REALIZZO | C17: 45504
A19: A.5 | B19: RESPONSABILE DELL'OBIETTIVO | C19: responsabile Area servizi alla Persona
A21: A.6 | B21: PERSONALE DELL'AREA COINVOLTO | C21: tutto il personale dell'area
A23: A.7 | B23: ALTRI SERVIZI COINVOLTI | C23: servizi finanziari
A25: A.8 | B25: RISORSE FINANZIARIE | C25: risorse assegnate all'area
A27: A.9 | B27: INDICATORI DI EFFICIENZA | C27: rispetto della tempistica di realizzazione dell'obiettivo
A29: A.9 | B29: INDICATORI DI EFFICACIA | C29: rispetto della tempistica di realizzazione dell'obiettivo
A31: A.9 | B31: INDICATORI DI ECONOMICITA'
A34: A,10 | B34: CRITICITA'
A36: A.11 | B36: VERIFICHE | C36: Verifica intermedia: Questo Comune è privo di qualificazione necessaria, quale stazione appaltante, di cui al decreto legislativo n. 36/2023 artt.62 e 63, per acquisire lavori, beni e servizi pertanto è stata inviata richiesta ad ARIA-Regione Lombardia- di operare come Stazione Unica Appaltante (SUA) .Aria ha risposto di non essere i grado per problemi organizzativi. E' stata fatta pertanto proproga dal 01/09/2024 al 28/02/2025. Per quanto di competenza realizzato al 100%
C37: Verifica finale: a seguito della DCC n.70 del 29/11/2024 relativa all’adesione alla Centrale Unica di Committenza (CUC) Area Vasta Brescia, Sede Territoriale della Valle Trompia sarà gestita l’istruttoria per l’affidamento dei servizi di assistenza scolastica ad personam, pre scuola, post scuola, assistenza durante il pasto, per il periodo dal 01/03/2025 al 30/06/2026, mediante gara telematica -Per quanto di competenza realizzato al 100%
C39: Il Responsabile di Posizione Organizzativa

Sheet MOFFA
C3: Comune di Porto Mantovano
C7: Piano degli Obiettivi 2024 - 2026
B15: SETTORE UFFICIO TECNICO E AMBIENTE
C16: ARCH. ROSANNA MOFFA

Sheet 1 - moffa pgt
A1: Area TECNICA : SETTORE GESTIONE DEL TERRITORIO
A2: RESPONSABILE | B2: ROSANNA MOFFA
A4: MISSIONE: 8 PROGRAMMA: 1 | B4: OBIETTIVO N. 16 - 2024 | C4: FASE SUCCESSIVA ALL'APPROVAZIONE DEL PGT E GESTIONE PIANI ATTUATIVI
A6: OBIETTIVO DUP 2019 - 2024
A8: A.1 | B8: DESCRIZIONE | C8: A seguito dell'approvazione definitiva del PGT e della sua efficacia, ha avuto inizio la fase dell'applicazione delle norme nuove e decadenza delle precedenti. Come pure è in corso la fase di attuazione delle scelte strategiche e di pianificazione attuativa, con conseguenti specifici approfondimenti e procedure burocratiche di approvazione. Verrà attivata anche la fase di monitoraggio ambientale.
A9: A.2 | B9: FINALITA' | C9: Gestire le richieste di interventi diretti (PdC o DIA), PdC convenzionati e di piani attuativi (PA) sul territorio, previsti dal PGT, valutando le eventuali incongruenze che probabilmente si presenteranno, individuando le modalità per la loro risoluzione. Collaborazione con settore Ecologia e LL.PP./Manutentivo, per l'individuazione di iniziative pubbliche da perseguire con le pianificazioni attuative e con i PdC convenzionati, nonchè per le procedure di monitoraggio ambientale. Promuovere la presentazione di altri piani attuativi. Dare attuazione alla LR 18/2019 in tema di rigenerazione urbana collaborando attivamente con i progettisti incaricati alla redazione del materiale oggetto delle varie delibere di Consiglio Comunale
A11: A.3 | B11: AZIONI E TEMPI | C11: Fase 1. Rapporto di consultazione: questa fase anticipa la progettazione ed è caratterizzata dalla necessaria consultazione, con l'Amministrazione, dei proponenti, per le valutazioni di compatibilità e per far recepire gli obiettivi strategici dell'Amministrazione. Non è prevista una tempistica, dovendo raggiungersi una condivisione, tra le parti, degli obiettivi da conseguire. SI
C12: Fase 2. Analisi proposta preliminare di fattibilità: in considerazione delle risultanze del confronto tra le parti, dovrà discendere una proposta preliminare con una documentazione minima da sottoporre agli organismi di partecipazione istituiti dal Consiglio Comunale, cui farà seguito il pronunciamento dell'Amministrazione: tempo previsto 60 gg. SI
C13: Fase 3. Approvazione: In caso di Piano Attuativo dovrà seguirsi la procedura di cui all'art. 14 della LR 12/05, con coinvolgimento della giunta o del consiglio, in funzione delle determinazioni assunte con il PGT. I tempi sono stabiliti dalla normativa (art.14 LR. 12/05). Le procedure comportano la predisposizione della convenzione che regolerà i rapporti tra le parti, l'Adozione e la successiva pubblicazione per le osservazioni e quindi l'Approvazione definitiva. In caso di PdC convenzionato, si dovrà redigere e approvare la convenzione tra le parti con precedente trattativa. SI
C14: Fase 4. Seguire l'attuazione del piano nelle fasi di collaudo in corso d'opera, nella realizzazione delle eventuali opere compensative e nella fase finale di completamento e cessione gratuita delle opere al comune SI
C15: Fase 5 . Monitoraggio: Segue la fase di attuazione e comporta la collaborazione con altri settori. SI
C16: Fase 6 in tema di RIGENERAZIONE LEGGE 18/2019: 1. individuazione degli ambiti di rigenerazione, per i quali i Comuni possono prevedere azioni di semplificazione dei procedimenti e di incentivazione anche economica, usi temporanei e sviluppo di studi di fattibilità economica e urbanistica (rif. art. 8 bis, c. 1 della l.r. n. 12 del 2005; art. 3, c. 1, lett. k della l.r. n. 18 del 2019); 2. individuazione degli ambiti di esclusione dall'applicazione della disciplina per il recupero dei piani terra - estensione delle norme per il recupero dei seminterrati ex lege n. 7 del 2017 anche ai piani terra - (rif. art. 8, c. 2 della l.r. n. 18 del 2019); 3. individuazione degli immobili dismessi che causano particolari criticità per salute, sicurezza idraulica e strutturale, inquinamento, degrado ambientale e urbanistico-edilizio (rif. art. 40 bis, c.1 della l.r. n. 12 del 2005; art. 4, c. 1 lett. a della l.r. n. 18 del 2019); 4. individuazione delle aree escluse dall'applicazione delle deroghe e degli incentivi volumetrici previsti dai commi 5 e 10 dell’art. 40 bis (rif. art. 40 bis, c.1 della l.r. n. 12 del 2005; art. 4, c. 1 lett. a della l.r. n. 18 del 2019); 5. modulazione: o delle percentuali di aumento dell’indice di edificabilità massimo del PGT, come indicate nella D.g.r. 5 agosto 2020 - n. XI/3508 “Approvazione dei criteri per l’accesso all’incremento dell’indice di edificabilità massimo del PGT (art. 11, comma 5 della l.r. 12/05)” o delle percentuali di riduzione del contributo di costruzione indicate nella D.g.r. 5 agosto 2020 - n. XI/3509 “criteri per l’accesso alla riduzione del contributo di costruzione (art. 43 comma 2 quinquies della l.r. 12/05)”, secondo principi di adeguatezza e proporzionalità, in base alla peculiarità del proprio territorio e delle specifiche strategie di governo ad esse sottese;
C17: Fase 7 - redazione e approvazione PEBA - A fine dicembre 2023 è stato affidato l’incarico per la redazione del P.E.B.A. (Piano di eliminazione delle barriere architettoniche) ai sensi della Legge n. 41/1986 e successiva Legge 104/1992, della LR 14 del 9/6/2020 che ha previsto il “Registro regionale dei piani di eliminazione delle barriere architettoniche” e della DGR XI/5555 del 23/11/2021 Linee Guida di Regione Lombardia per la redazione dei PEBA - Piani per l’accessibilità e usabilità dell’ambiente costruito, inclusione sociale e benessere ambientale. Il Piano ha lo scopo di individuare, classificare, mappare e pianificare interventi necessari al superamento delle barriere architettoniche (fisiche e sensoriali) al fine di consentire a tutti l’accessibilità ad edifici, servizi e spazi pubblici favorendo l’integrazione sociale, la sicurezza, la qualità della vita e la mobilità di tutti i cittadini.
A19: A.4 | B19: DATA PRESUMIBILE REALIZZO | C19: 46387
A21: A.5 | B21: RESPONSABILE DELL'OBIETTIVO | C21: Rosanna Moffa
A23: A.6 | B23: PERSONALE DELL'AREA COINVOLTO | C23: Elena Bombana, Idalisa Fiorini
A25: A.7 | B25: ALTRI SERVIZI COINVOLTI | C25: Ecologia, LL.PP./ Manutentivo, Viabilità
A27: A.8 | B27: RISORSE FINANZIARIE | C27: non sono prevedibili oneri in capo all'Amminsitrazione Comunale
A29: A.9 | B29: INDICATORI DI EFFICIENZA
A31: A.9 | B31: INDICATORI DI EFFICACIA | C31: promuovere l'avvio di alcuni ambiti di trasformazione importanti e strategici per il territorio comunale: PIANO DI LOTTIZZAZIONE ARTIGIANALE MALPENSATA GOMBETTO 2 (stipulata in gennaio 2024 nuova convenzione urbanistica), AT 001 CORTE FORNASOTTO (proposta di piano istruita dall'ufficio e in attesa di integrazioni da parte della ditta lottizzante) e AT 008 Corte Ardena. Seguire lo sviluppo e la chiusura di altri piani in fase di completamento: AT 023 Corte Baitone (in corso di attuazione), AT 025 Corte Tezze (presentata Variante al PL già approvato), AT_013 VILLA FAVORITA (in corso di attuazione) , AT 005 PL Spinosa (in corso attuazione), AT 004 sub comparti A (in corso l'attuazione - variante già approvata), AT 004 sub comparto B (in corso di attuazione), Piano di Recupero Corte Spinosa in ambito agricolo approvato in gennaio 2021, convenzionato in marzo 2021 ed in corso di attuazione. Dare attuazione agli adempimenti previsti nella LR 18/2019. Approvare il PEBA.
A32: A.9 | B32: INDICATORI DI ECONOMICITA' | C32: previsione di opere pubbliche compensative nelle convenzione urbanistiche dei vari piani attuativi o PdC convenzionati
A35: A.10 | B35: CRITICITA'
A37: A.11 | B37: VERIFICHE | C37: VERIFICA INTERMEDIA: ATTUATO AL 90 % - il PIANO DI LOTTIZZAZIONE ARTIGIANALE MALPENSATA GOMBETTO 2 è stato adottato e approvato dal Consiglio Comunale rispettivamente in giugno e settembre 2023. La procedura di efficacia del piano in variante al PGT in seno a Regione Lombardia si è conclusa a fine dicembre 2023; il 23/1/2024 è stata stipulata la Convenzione Urbanistica (Rep. 10635 – Racc. 7456); con PDC n. EDI/2023/00077/PDC sono stati autorizzati i lavori di “OPERE DI SISTEMAZIONE DEL TRATTO DI TANGENZIALE DENOMINATO “LOTTO 0” INTERNO ED ESTERNO AL COMPARTO DI LOTTIZZAZIONE A VOCAZIONE PRODUTTIVA DENOMINATO “MALPENSATA GOMBETTO 2; con successivo PDC n. EDI/2024/00107/PDC sono stati autorizzati i lavori di “COMPLETAMENTO OPERE DI URBANIZZAZIONE INTERNE AL COMPARTO PRODUTTIVO DENOMINATO “MALPENSATA GOMBETTO 2; sono stati eseguiti vari sopralluoghi per accertare la conclusione delle opere esterne al comparto e in data 21/11/2024 è stato eseguito il sopralluogo finale per il collaudo definitivo delle opere relative a "Tratto di Tangenziale individuato come Lotto “0 “ compreso la rotatoria delle Tezze e il tronco di raccordo con strada Tezze"; il collaudo a firma del collaudatore è pervenuto all'ente il 2/12/2024 prot. 27580. AT 001 CORTE FORNASOTTO a fine settembre 2023 è stata presentata una bozza del piano con i contenuti frutto del lavoro di collaborazione tra ditta lottizzante e i privati, risalente ai primi mesi del 2023; il piano è stato istruito a gennaio 2024; la ditta lottizzante, anche a seguito di alcuni incontri di approfondimento con l'Amminsitrazione, ha presentato le integrazioni a novembre 2024. AT 023 CORTE BAITONE il piano di recupero è stato convenzionato nel mese di marzo 2021, nel mese di agosto 2021 è stato rilasciato il Permesso di Costruire delle Opere di Urbanizzazione primaria che sono in corso di esecuzione; è stato nominato il collaudatore in corso d'opera. AT 008 CORTE ARDENA la ditta lottizzante non ha presentato alcuna proposta, AT 025 CORTE TEZZE presentata Variante al PL già approvato e su cui è stata già eseguita la verifica di assoggettabilità alla VAS conclusa nel 2019; la ditta lottizzante non ha proseguito nella procedura. AT_013 VILLA FAVORITA in corso di attuazione e approvato il primo collaudo parziale nel mese di marzo 2021. AT 005 PL SPINOSA in corso di attuazione, a seguito delle varie visite di collaudo è stato approvato il primo collaudo parziale in corso d'opera nel mese di aprile 2024. AT 004 PL OTTONA sub comparti A e B in corso l'attuazione. Relativamente al PL Ottona stralcio b) è stata emessa una ordinanza per la messa in sicurezza del comparto ed inviate varie comunicazione di sollecito dei lavori; è stato anche rilasciato il nuovo PDC per il completamento delle opere di urbanizzazione. Piano di Recupero Corte Spinosa in ambito agricolo approvato in gennaio 2021, convenzionato in marzo 2021 ed in corso di attuazione. Nel mese di febbraio è stata assunta la prima delibera di CC per gli adempiemnti previsti dalla LR 18/2019.
C38: VERIFICA FINALE: AL 31/12/2024 ATTUATO AL 100 % PER QUANTO DI COMPETENZA. Rispetto alla verifica intermedia si precisa che relativamente al PL Malpensata Gombetto 2 sono state collaudate le opere di sistemazione di via Siviglia - tratto tangenziale lotto zero e del tratto di collegamento con strada Tezze, attività propedeutiche alla successiva cessione della tangenziale lotto 0 alla Provincia di Mantova.
C40: Il Responsabile di Posizione Organizzativa
C41: architetto Rosanna Moffa
B43: nota: LE AZIONI INDICATE SONO VERIFICATE A SECONDA DEI DIVERSI AMBITI DI TRASFORMAZIONE (PIANI ATTUATIVI)

Sheet 2 - moffa uso sottosuolo
A1: Area TECNICA : SETTORE GESTIONE DEL TERRITORIO
A2: RESPONSABILE | B2: ROSANNA MOFFA
A4: MISSIONE: 9 PROGRAMMA:1 | B4: OBIETTIVO N. 17-2024 | C4: Adempimenti di cui al capo II della L.R. 7/2012 "Disciplina comunale del sottosuolo": redazione del REGOLAMENTO PER L'USO DEL SOTTOSUOLO e formazione del catasto del sottosuolo
A6: OBIETTIVO DUP 2019 - 2024 | B6: 2025 - 2026
A8: A.1 | B8: DESCRIZIONE | C8: La legge regionale n. 7 del 18.04.2012 prevede agli artt. 37 e seguenti fino al 42 una serie di adempimenti per la disciplina comunale del sottosuolo: PUGSS, Regolamento del sottosuolo e Catasto del sottosuolo. Inoltre va costituito un ufficio unico per gli interventi nel sottosuolo competente per la redazione e l'aggiornamento degli strumenti sopradettti (PUGSS, Regolamento e Catasto), oltre che per gli interventi infrastrutturali relativi al sottosuolo. Le informazioni del catasto del sottosuolo verranno rese disponibili al servizio tributi per definire l'eventuale nuova base imponibile del COSAP sulle occupazioni sotterranee (Canone Unco Patrimoniale).
A9: A.2 | B9: FINALITA' | C9: L'obiettivo è quello della stessa legge regionale, ovvero "garantire l'efficienza delle strutture pubbliche presenti sul territorio e fornire idonei strumenti per la competitività delle imprese ivi insediate". E offrire una adeguata copertura territoriale dei servizi, anche nelle zone svantaggiate o poco accessibili.
A11: A.3 | B11: AZIONI E TEMPI | C11: Nel corso del 2012 è stato individuato l' ufficio unico per gli interventi del sottosuolo. Nel 2013 è stata espletata la procedura di selezione per l'affidamento dell'incarico di redazione del PUGSS e del Regolamento per l'uso del sottosuolo affidando l'incarico all'ingegner Ferrari Gianluca di Mantova e in novembre 2014 il Piano Urbano Generale dei Servizi del Sottosuolo è stato approvato definitivamente. E' in corso la redazione del Regolamento per l'uso del sottosuolo.
C12: Fase 1: adozione e approvazione del Regolamento per l'uso del sottosuolo - Verrà effettuata una verifica con l'ufficio Tributi (Cosap sottosuolo) per valutare gli eventuali effetti finanziari delle scelte del regolamento con richiesta di eventuale parere.
C13: Fase 2: formazione del Catasto del sottosuolo
A15: A.4 | B15: DATA PRESUMIBILE REALIZZO | C15: 46387
A17: A.5 | B17: RESPONSABILE DELL'OBIETTIVO | C17: Rosanna Moffa
A19: A.6 | B19: PERSONALE DELL'AREA COINVOLTO | C19: tutto il personale dell'area tecnica
A21: A.7 | B21: ALTRI SERVIZI COINVOLTI | C21: polizia locale
A23: A.8 | B23: RISORSE FINANZIARIE | C23: Somme necessarie per l'affidamento di incarichi esterni per la redazione del PUGSS e del Regolamento del sottosuolo (già finanziate)
A25: A.9 | B25: INDICATORI DI EFFICIENZA
A27: A.9 | B27: INDICATORI DI EFFICACIA | C27: progettare uno strumento che consenta al comune di gestire e controllare l'uso del sottosuolo da parte degli enti interessati
A29: A.9 | B29: INDICATORI DI ECONOMICITA'
A32: A.10 | B32: CRITICITA'
A34: A.11 | B34: VERIFICHE | C34: VERIFICA INTERMEDIA: AL 31.10.2024: la scheda è programmata per il 2025
C35: VERIFICA FINALE: AL 31.12.2024: la scheda è programmata per il 2025
C37: Il Responsabile di Posizione Organizzativa
C38: architetto Rosanna Moffa

Sheet 3 - moffa opere pubbliche
A1: Area TECNICA : SETTORE GESTIONE DEL TERRITORIO
A2: RESPONSABILE | B2: ROSANNA MOFFA
A4: MISSIONE: 1 - 4 - 6 - 9 - 10 PROGRAMMA: | B4: OBIETTIVO N. 18 - 2024 | C4: REALIZZAZIONE OPERE PUBBLICHE STRATEGICHE PER LA SICUREZZA E LO SVILUPPO DEL TERRITORIO
A6: OBIETTIVO DUP 2019 - 2024 | C6: OBIETTIVI STRATEGICI DIVERSI DEL D.U.P. (inclusi nella missione 1 - 4 - 6 - 9 - 10) - LAVORI PUBBLICI
A8: A.1 | B8: DESCRIZIONE | C8: Nel corso del 2024 continua l'attività di programmazione ed attuazione di alcune opere strategiche per lo sviluppo del territorio e per la valorizzazione e potenziamento di alcuni edifici pubblici, di cui alcune già avviate nel corso del 2018, 2019 e 2021. In particolare si fa riferimento alle seguenti opere: In corso di esecuzione e/o aggiudicati 1. Ampliamento strutture sportive Ca Rossa – in fase conclusiva 2. Lavori complementari impianti sportivi Ca Rossa 3. Impianto fotovoltaico impianti sportivi Ca Rossa 4. Ampliamento sede Porto Emergenza 5. Aree esterne sede di Porto Emergenza 6. Spostamento monumento piazza dei Marinai 7. Lavori di riqualificazione urbana primo tratto di via Roma – in fase conclusiva 8. Opere complementari alla riqualificazione di via Roma – in fase conclusiva 9. Riqualificazione strade centro urbano di Porto via Martorelli via Kennedy 10. Lavori di messa in sicurezza di un tratto di strada Tezze e un tratto di strada Dosso 11. Sistemazioni marciapiedi nel centro urbano e nel comparto PEEP 12. Rifacimento copertura magazzino comunale 13. Lavori di rifacimento manto di copertura scuola Drasso sezione B 14. Lavori di rifacimento della copertura presso il cimitero di Santa Maddalena campate P-R-S-T
C9: In fase di redazione e/o di aggiudicazione 15. Riqualificazione delle vasche esterne della piscina comunale e delle rispettive aree di pertinenza 16. Riqualificazione e adeguamento impiantistico del nucleo servizi - spogliatoi della piscina comunale 17. Sostituzione impianto trattamento (UTA) aria piscina coperta comunale e altre sistemazioni dell'impianto natatorio 18. Riqualificazione urbana zona ingresso del Municipio 19. Messa in sicurezza strada Cisa tratto nord incrocio via Spinelli 20. Messa in sicurezza viabilità urbana via Siviglia - tratto tangenziale lotto 0 Malpensata 21. Riqualificazione urbana via Roma: zona di ingresso scuola primaria e prosecuzione tratto stradale 22. Manutenzione straordinaria strada Maglio a Soave di Porto Mantovano Inoltre sono previsti interventi di potenziamento e manutenzione del patrimonio arboreo comunale
A10: A.2 | B10: FINALITA' | C10: Attraverso l'attuazione dei suddetti progetti l'Amministrazione affronta e risolve molteplici tematiche, la riqualificazione e valorizzazione degli spazi destinati ai servizi sanitari, sociali e sportivi, la messa in sicurezza e riqualificazione della viabilità e il potenziamento delle aree verdi con nuove piantumazioni.
A12: A.3 | B12: AZIONI E TEMPI | C12: fase 1: redazione e approvazione dei progetti SI
C13: fase 2: affidamento dei lavori SI
C14: fase 3: esecuzione delle opere, controllo e gestione dei cantieri fino alla contabilità finale SI
A16: A.4 | B16: DATA PRESUMIBILE REALIZZO | C16: i tempi di realizzo si differenziano a seconda delle opere
A18: A.5 | B18: RESPONSABILE DELL'OBIETTIVO | C18: Rosanna Moffa
A20: A.6 | B20: PERSONALE DELL'AREA COINVOLTO | C20: Giuseppe Menestò, Giulia Telia, Paolo Zangelmi, Michele Gandolfi - la progettazione e Direzione Lavori delle opere Nn. 7, 8, 9, 19 e 20 è interna all'ufficio tecnico
A22: A.7 | B22: ALTRI SERVIZI COINVOLTI
A24: A.8 | B24: RISORSE FINANZIARIE | C24: la copertura finanziaria delle varie opere è data da previsioni già inserite nel bilancio dell'ente.
A26: A.9 | B26: INDICATORI DI EFFICIENZA
A28: A.9 | B28: INDICATORI DI EFFICACIA | C28: svolgimento delle attività propedeutiche alla realizzazione delle opere e completamento delle stesse
A30: A.9 | B30: INDICATORI DI ECONOMICITA'
A33: A.10 | B33: CRITICITA'
A35: A.11 | B35: VERIFICHE | C35: VERIFICA INTERMEDIA: VERIFICA INTERMEDIA AL 31/10/2024 - ATTUATO AL 90 % 1. Ampliamento strutture sportive Ca Rossa – in fase conclusiva 2. Lavori complementari impianti sportivi Ca Rossa – in fase conclusiva 3. Impianto fotovoltaico impianti sportivi Ca Rossa – in fase conclusiva 4. Ampliamento sede Porto Emergenza – in corso di svolgimento 5. Aree esterne sede di Porto Emergenza – lavori affidati 6. Spostamento monumento piazza dei Marinai – lavori affidati 7. Lavori di riqualificazione urbana primo tratto di via Roma – conclusi 8. Opere complementari alla riqualificazione di via Roma – conclusi 9. Riqualificazione strade centro urbano di Porto via Martorelli via Kennedy – in fase conclusiva 10. Lavori di messa in sicurezza di un tratto di strada Tezze e un tratto di strada Dosso - conclusi 11. Sistemazioni marciapiedi nel centro urbano e nel comparto PEEP – in corso 12. Rifacimento copertura magazzino comunale - conclusi 13. Lavori di rifacimento manto di copertura scuola Drasso sezione B - conclusi 14. Lavori di rifacimento della copertura presso il cimitero di Santa Maddalena campate P-R-S-T - conclusi
C36: 15. Riqualificazione delle vasche esterne della piscina comunale e delle rispettive aree di pertinenza - lavori affidati, eseguiti e conclusi 16. Riqualificazione e adeguamento impiantistico del nucleo servizi - spogliatoi della piscina comunale - lavori affidati, eseguiti e conclusi 17. Sostituzione impianto trattamento (UTA) aria piscina coperta comunale e altre sistemazioni dell'impianto natatorio - lavori affidati, eseguiti e conclusi 18. Riqualificazione urbana zona ingresso del Municipio - lavori affidati, eseguiti e conclusi 19. Messa in sicurezza strada Cisa tratto nord incrocio via Spinelli - lavori affidati, eseguiti e conclusi 20. Messa in sicurezza viabilità urbana via Siviglia - tratto tangenziale lotto 0 Malpensata - lavori affidati, eseguiti e conclusi 21. Riqualificazione urbana via Roma: zona di ingresso scuola primaria e prosecuzione tratto stradale - lavori affidati, eseguiti e conclusi 22. Manutenzione straordinaria via Gobetti e strada Maglio a Soave di Porto Mantovano - in fase di progettazione 23.Potenziamento e manutenzione del patrimonio arboreo comunale - in fase conclusiva
C37: VERIFICA FINALE: AL 31/12/2024 ATTUATO AL 100 % PER QUANTO DI COMPETENZA. Rispetto alla verifica intermedia si precisa che i lavori di Porto Emergenza proseguono nel rispetto del cronoprogramma. L'ufficio tecnico ha redatto il progetto esecutivo della riqualificazione stradale di via Gobetti e strada Maglio a Soave di Porto Mantovano approvato con Delibera di GC n. 153 del 17/12/2024
C39: Il Responsabile di Posizione Organizzativa
C40: architetto Rosanna Moffa

Sheet 4 - moffa OPERE PNRR
A1: Area TECNICA : SETTORE GESTIONE DEL TERRITORIO
A2: RESPONSABILE | B2: ROSANNA MOFFA
A4: MISSIONE: 1 - 4 - 9 - 10 - 10 PROGRAMMA: | B4: OBIETTIVO N. 19 - 2024 | C4: REALIZZAZIONE OPERE PUBBLICHE STRATEGICHE PER LA SICUREZZA E LO SVILUPPO DEL TERRITORIO (opere PNRR)
A6: OBIETTIVO DUP 2019 - 2024 | C6: OBIETTIVI STRATEGICI DIVERSI DEL D.U.P. (inclusi nella missione 1 - 4 - 9 - 10) - LAVORI PUBBLICI - OPERE PNRR
A8: A.1 | B8: DESCRIZIONE | C8: Il comune di Porto Mantovano partecipa al Piano Nazionale di Ripresa e Resilienza con le seguenti opere in corso di realizzazione. OPERA finanziata dal Ministero dell’Istruzione - PNRR Missione 4 – Istruzione e Ricerca – Componente 1 – Potenziamento dell’offerta dei servizi di istruzione: dagli asili nido alle Università, - Investimento 1.1: ”Piani per gli asili nido e scuole dell’infanzia e servizi di educazione e cura per la prima infanzia”, finanziato dall’Unione Europea – Next Generation EU – M4-C1-I1.1 – del Piano di Ripresa e Resilienza (PNRR). 1. NUOVA SCUOLA DELL’INFANZIA STRADA DOSSO – PNRR M4 C1 I1.1 FINANZIATO DALL’UNIONE EUROPEA – NEXT GENERATION EU - CUP C35E22000010006 - euro 5.280.000 € 4.800.000,00 oltre al 10 % del FOI Fondo Opere Indifferibili per un totale di euro 5.280.000,00 Opere di rigenerazione urbana di cui all’art. 1 comma 42 della Legge del 27.12.2019 n. 160, confluite nella Missione 5 “Inclusione e Coesione”, Competenze 2 “Infrastrutture Sociali, famiglie, comunità e terzo settore”, Investimento 2.1 “Investimenti in progetti di rigenerazione urbana, volti a ridurre situazioni di emarginazione e degrado sociale” - M5-C2-I2.1 - del Piano di Ripresa e Resilienza (PNRR). 2. REALIZZAZIONE DI UN PARCO INCLUSIVO ALLA CA’ ROSSA DI PORTO MANTOVANO PNRR M5-C2-I2.1 – PROGETTO FINANZIATO DALL’UNIONE EUROPEA – NEXT GENERATION EU – CUP C31B21004640001 - IMPORTO EURO 320.000,00 3. RIQUALIFICAZIONE DI VIA LIBERTÀ A SOAVE DI PORTO MANTOVANO - LOTTO 2 - PNRR M5-C2-I2.1 – PROGETTO FINANZIATO DALL’UNIONE EUROPEA – NEXT GENERATION EU – CUP C31B21004650001 - IMPORTO EURO 420.000,00
C9: Le Opere di Efficientamento Energetico di cui all’art. 1 comma 29 della Legge 27 dicembre 2019, n. 160 (cosiddette PICCOLE OPERE) sono inizialmente confluite nel PNRR, nella Missione 2 Rivoluzione verde e transizione ecologica, Componente 4 Tutela del territorio e della risorsa idrica, Investimento 2.2 Interventi per la resilienza, la valorizzazione del territorio e l'efficienza energetica dei comuni” - M2-C4-I2.2 - del Piano di Ripresa e Resilienza (PNRR). Nel corso del 2023 è stato redatto e avviato il seguente progetto seguendo le norme del PNRR 1. EFFICIENTAMENTO ENERGETICO SCUOLA TREVES 2° LOTTO – PNRR M2-C4-I2.2 FINANZIATO DALL’UNIONE ERUROPEA - NEXT GENERATION EU – CUP: C33I23000010006 – IMPORTO EURO 90.000,00 Tutte le piccole opere M2-C4-I2.2 di cui all’art. 1 comma 29 della L 160/2019 già concluse o in fase di completamento sono state rendicontate sul sistema REGIS del MEF: 2. EFFICIENTAMENTO ENERGETICO SCUOLA TREVES LOTTO 1 – euro 90.000 3. SUPERAMENTO BARRIERE ARCHITETTONICHE ED EFFICIENTAMENTO ENERGETICO SEDI MUNICIPALI – 130.000 4. REALIZZAZIONE ATTRAVERSAMENTO PEDONALE STRADA CISA – euro 50.000 5. EFFICIENTAMENTO ENERGETICO SEDE STACCATA DEL MUNICIPIO – euro 90.000
C10: Per l’anno 2024 è prevista l’attuazione della seguente opera: 6. EFFICIENTAMENTO ENERGETICO SCUOLA MATERNA TREVES: LOCALI ACCESSORI E SERVIZI IGIENICI - PNRR M2-C4-I2.2 FINANZIATO DALL’UNIONE ERUROPEA - NEXT GENERATION EU – CUP: C33I23000010006 – IMPORTO EURO 90.000,00 Si precisa che con decisione ECOFIN del 8/12/2023 le suddette piccole opere sono state de finanziate dal PNRR e finanziate con altre risorse dello stato PNRR – OPERE CANDIDATE E NON FINANZIATE - Nuova Palestra scuola media - Nuovo centro di raccolta comunale
A11: A.2 | B11: FINALITA' | C11: Attraverso l'attuazione dei suddetti progetti l'Amministrazione affronta e risolve molteplici tematiche. Innanzitutto la costruzione di una nuova scuola dell'infanzia consente di migliorare l'offerta dell'edilizia scolastica comunale e di riorganizzare le strutture disponibili sul territorio nell'ambito culturale e scolastico. Procede nell'efficientamento energetico della scuola di via Treves. Inoltre gli interventi di rigenerazione urbana consentono la riqualificazione del secondo tratto di via Libertà a Soave di Porto Mantovano e il potenziamento delle aree verdi attraverso un intervento di grande valore sociale come il parco giochi inclusivo nella grande area verde di Ca Rossa.
A13: A.3 | B13: AZIONI E TEMPI | C13: Il PNRR impone target e milestone molto stringenti. La progettazione e l’esecuzione delle opere deve rispettare le norme imposte dal piano con particolare riferimento ai principi DNSH, ovvero di non arrecare danno all’ambiente, e principi trasversali in merito alla parità di genere, lavoro giovanile, superamento divari territoriali e tagging climatici e digitali. Ogni opera partecipa agli indicatori comuni nelle modalità previste. Le scadenze sono indicate nei rispetti accordi di concessione e più sotto dettagliate. Tutte le opere vanno rendicontate sul sistema REGIS del MEF secondo le tempistiche indicate per ogni opera.
C14: Per la NUOVA SCUOLA – aggiudicazione lavori entro il 20 giugno2023 , consegna dei lavori entro il 30 novembre 2023, fine lavori entro il 31/12/2025 e collaudo entro il 30/6/2026. SI
C15: Per le OPERE DI RIGENERAZIONE (parco inclusivo e via Libertà) – stipula contratto entro il 30/7/2023, pagare almeno il 30 % del SAL entro il 30/9/2024 e terminare i lavori entro il 31/3/2026. SI
C16: Per EFFICIENTAMENTO ENERGETICO SCUOLA TREVES LOCALI ACCESSORI E SERVIZI – avvio dei lavori entro il 15/9/2024. SI
A18: A.4 | B18: DATA PRESUMIBILE REALIZZO | C18: i tempi di realizzo si differenziano a seconda delle opere come sopra indicato
A20: A.5 | B20: RESPONSABILE DELL'OBIETTIVO | C20: Rosanna Moffa
A22: A.6 | B22: PERSONALE DELL'AREA COINVOLTO | C22: Giuseppe Menestò, Giulia Telia, Paolo Zangelmi, Michele Gandolfi - la progettazione e Direzione Lavori delle opere di rigenerazione ed efficientamento energetico è interna all'ufficio tecnico
A24: A.7 | B24: ALTRI SERVIZI COINVOLTI
A26: A.8 | B26: RISORSE FINANZIARIE | C26: le opere sono tutte finanziate con FONDI NEXT GENERATION EU NEL PIANO NAZIONALE DI RIPRESA E RESILIENZA - PNRR - con decisione ECOFIN di dicembre 2023 le piccole oepre escono dal PNRR e vengono finanziate con altri fondi statali.
A28: A.9 | B28: INDICATORI DI EFFICIENZA | C28: rispetto delle milestone imposte dal PNRR
A30: A.9 | B30: INDICATORI DI EFFICACIA | C30: svolgimento delle attività necessarie per la realizzazione delle opere e completamento delle stesse
A32: A.9 | B32: INDICATORI DI ECONOMICITA'
A35: A.10 | B35: CRITICITA'
A37: A.11 | B37: VERIFICHE
C38: VERIFICA INTERMEDIA: VERIFICA INTERMEDIA AL 31/10/2024 - ATTUATO AL 90 % Tutte le opere finanziate con i fondi PNRR vanno progettate e rendicontate secondo una precisa normativa e specifiche indicazioni. Nel PNRR sono state ricondotte tutte le opere finanziate con la legge 160/2019 e le opere della rigenerazione. PICCOLE OPERE L 160/2019 già eseguite – annualità 2020 – 2021 Sulla piattaforma REGIS del Ministero delle Finanze sono state rendicontate e concluse le tre opere eseguite. PICCOLE OPERE L 160/2019 in corso – annualità 2022 e 2023 Sulla piattaforma REGIS del MEF è stato completato il caricamento dei documenti richiesti nel rispetto dei termini di legge. OPERE DI RIGENERAZIONE - PARCO INCLUSIVO E VIA LIBERTA’ A SOAVE DI PORTO MN Stipulati i contratti di appalto con le ditte aggiudicatrici delle due opere di rigenerazione entro il 30 luglio 2023 e quindi nel rispetto della MILESTONE che fissava proprio al 30/7/2023 la stipula dei contratti. I lavori sono stati consegnati per entrambe le opere e sono in fase di svolgimento per il parco Ca Rossa e conclusi per via Libertà a Soave. Per entrambe le opere sono in corso gli adempimenti PNRR e la rendicontazione su REGIS.
C39: NUOVA SCUOLA DELL’INFANZIA STRADA DOSSO APPROVATO IL PROGETTO DEFINITIVO redatto dal progettista Danilo Vespier in ATI con altri professionisti il 1/8/2023 PROGETTO ESECUTIVO redatto da parte dello studio General Planning all’interno dell’appalto integrato con operatore economico DEVI IMPIANTI SRL in data 30/11/2023. Redazione del VERBALE DI CONSEGNA ED INIZIO DEI LAVORI in data 30 novembre 2023 nel rispetto della MILESTONE che fissava prorio al 30/11/2023 la scadenza per la consegna dei lavori. I lavori sono attualmetne in corso ed è stato approvato ed è in fase di redazione il primo SAL dei lavori. La rendicontazione su REGIS è tempestiva e regolare. Per EFFICIENTAMENTO ENERGETICO SCUOLA TREVES SECONDO LOTTO I lavori sono stati aggiudicati ad inizio settembre e il VERBALE DI CONSEGNA ED INIZIO DEI LAVORI è stato redatto il 13 settembre 2023 nel rispetto della MILESTONE che fissava al 15/9/2023 la scadenza per la consegna ed inizio dei lavori. i Lavori sono conclusi. Per EFFICIENTAMENTO ENERGETICO SCUOLA MATERNA TREVES: LOCALI ACCESSORI E SERVIZI IGIENICI - PNRR M2-C4-I2.2 FINANZIATO DALL’UNIONE ERUROPEA - NEXT GENERATION EU – CUP: C33I23000010006 – IMPORTO EURO 90.000,00 - Si precisa che con decisione ECOFIN del 8/12/2023 le suddette piccole opere sono state de finanziate dal PNRR e finanziate con altre risorse dello stato. I lavori sono stati consegnati nel rispetto dei termini fissato al 15 settembre 2024 e sono in corso di svoglimento.
C40: VERIFICA FINALE: VERIFICA FINALE: AL 31/12/2024 ATTUATO AL 100 % PER QUANTO DI COMPETENZA. Rispetto alla verifica intermedia si precisa che: NUOVA SCUOLA DELL’INFANZIA STRADA DOSSO La rendicontazione su REGIS è incrementata periodicamente e nel mese di novembre 2024 è stato inortrato il PRIMO RENDICONTO. Per i due progetti di RIGENERAZIONE URBANA, via Libertà a Soave e Parco inclusivo a Ca Rossa sono state rispettate le milestone del PNRR. La rendicontazione su REGIS è tempestiva e regolare.
C42: Il Responsabile di Posizione Organizzativa
C43: architetto Rosanna Moffa

Sheet 5 - moffa sviluppo sostenibile
A1: Area TECNICA : SETTORE GESTIONE DEL TERRITORIO - LAVORI PUBBLICI
A2: RESPONSABILE | B2: ROSANNA MOFFA
A4: MISSIONE: 9 PROGRAMMA: | B4: OBIETTIVO N. 20 - 2024 | C4: PROGETTI PER LO SVILUPPO SOSTENIBILE DEL TERRITORIO COMUNALE: GESTIONE CALORE CON EFFICIENTAMENTO ENERGETICO - STUDIO COMUNALE DI GESTIONE DEL RISCHIO IDRAULICO - BANDO CARIPLO STRATEGIA CLIMA - POTENZIAMENTO E AMPLIAMENTO DEL PATRIMONIO ARBOREO - COMUNITA' ENERGETICHE
A6: OBIETTIVO DUP 2019 - 2024 | C6: Salvaguardia ambientale e risparmio energetico - Boschi urbani, parchi e aree verdi - Ambiente e rispermio energetico
A8: A.1 | B8: DESCRIZIONE | C8: 1- Il comune di Porto Mantovano insieme ai comuni di Marmirolo, unione dei comuni di San Giorgio e Bigarello (capofila) e Roncoferraro (a cui nei primi mesi del 2018 si sono aggiunti i comuni di Asola e Gambara in provincia di Brescia) in giugno 2017 è risultato assegnatario del bando di Fondazione Cariplo che ha fornito ai comuni un servizio gratuito di Assistenza Tecnica, prestato da consulenti positamente selezionati, per la riqualificazione energetica degli immobili finalizzato alla gara della gestione calore degli edifici pubblici. La gara è stata già espletata ed ha individuato la ditta aggiudicatrice che ha preso in carico la gestione calore e la manutenzione come da offerta esposta in gara. In corso di definizione invece il piano degli investimenti. L'ufficio sta seguendo la ditta nella fase della gestione e dovrà assisterla nelle procedure di attuazione dei progetti di investimento di riqualificazione energetica da realizzare sul patrimonio. --- 2- nel rispetto delle vigenti normative (regolamento regionale del Rischio idraulico n. 7/2017) è in fase conclusiva la redazione dello STUDIO COMUNALE DI GESTIONE DEL RISCHIO IDRAULICO quale strumento che contiene lo studio delle condizioni di pericolosità idraulica che, associata a vulnerabilità ed esposizione al rischio, individua le situazioni di rischio, sulle quali individuare le misure strutturali e non strutturali da attuare. --- 3- il comune partecipa alla STRATEGIA DI TRANSIZIONE CLIMATICA “ACE3T-CLIMA ACQUA, CALORE ED ENERGIA: 3 PILASTRI PER LA TRANSIZIONE CLIMATICA DEL MANTOVANO” NELL’AMBITO DEL BANDO “CALL FOR IDEAS – STRATEGIA CLIMA” PROMOSSO DA FONDAZIONE CARIPLO E COFINANZIATO DALLA STESSA FONDAZIONE E DA REGIONE LOMBARDIA. Fondazione Cariplo offre ai comuni una consulenza, tramite lo IUAV di Venezia e Ambiente Italia, quale supporto su diverse tematiche: revisione dei PGT per i temi ambientali, comunità energetiche ecc. ecc. --- 4- in base al DECRETO 10 marzo 2020 "Criteri ambientali minimi per il servizio di gestione del verde pubblico e la fornitura di prodotti per la cura del verde" è stato completato il Catasto Arboreo che consente di migliorare la gestione delle piante esistenti nel territorio comunale. Si prevede anche la formazione di nuovi polmoni verdi sul territorio nell'ottica di migliorare la qualità dell'aria e dell'ambiente in genere. --- 5- Nei mesi scorsi è stato affidato alla società AMBIENTE ITALIA srl di Milano il servizio di PROGETTAZIONE PER LO SVILUPPO DI COMUNITA’ ENERGETICHE RINNOVABILI SUL TERRITORIO DEL COMUNE DI PORTO MANTOVANO. L’obiettivo è di redigere uno studio di fattibilità per la formazione di una comunità energetica sul territorio comunale previa analisi del patrimonio edilizio sotto i profili delle caratteristiche energetiche. ---6- Nell'ambito di trasformazione del vigente PGT, AT_022 zona ex area Facep a Soave di Porto Mantovano, la ditta proprietaria ha in itinere una proposta progettule con riqualificazione dell'ambito produttivo dismesso e opere compensative di sistemazione urbana.
A9: A.2 | B9: FINALITA' | C9: 1-migliorare la gestione calore degli edifici pubblici riducendo i consumi e attuando per alcuni edifici la riqualificazione energetica (elettrica e termica) --- 2-definire il rischio idraulico del territorio per migliorarne la gestione e programmare futuri interventi --- 3-attuare politiche di transizione climatica per un approccio compatibile nella progettazione urbanistica del territorio e nella gestione del patrimonio. --- 4-migliorare e ampliare il patrimonio arboreo. ---5- promuovere la creazione di una comunità energetica nel comune di Porto
A11: A.3 | B11: AZIONI E TEMPI | C11: 1-fase di stipula del contratto con la ditta aggiudicatrice e avvio della gestione calore. Avvio delle procedure per eseguire i lavori di efficientamento in base all'elenco proposto. SI
C12: 2-attività di coordinamento con il professionista incaricato per la redazione del rischio idraulico, approvazione dei documenti redatti e individuazione degli interventi strutturali per la gestione del rischio. SI
C13: 3-attività di interfaccia con la struttura di supporto di Strategia Clima per lo svoglimento dei molteplici progetti in campo SI
C14: 4--individuazione del soggetto per la redazione del catasto arboreo e progettazione di nuovi polmoni verdi SI
C15: 5- affidamento incarico per la redazione della comunità energetica e procedere negli step neccesari al raggiungimento degli obiettivi SI
A16: A.4 | B16: DATA PRESUMIBILE REALIZZO | C16: 45657
A18: A.5 | B18: RESPONSABILE DELL'OBIETTIVO | C18: Rosanna Moffa
A20: A.6 | B20: PERSONALE DELL'AREA COINVOLTO | C20: Elena Bombana, Idalisa Fiorini, Michele Gandolfi, Giuseppe Menestò, Giulia Telia e Paolo Zangelmi
A22: A.7 | B22: ALTRI SERVIZI COINVOLTI
A24: A.8 | B24: RISORSE FINANZIARIE
A26: A.9 | B26: INDICATORI DI EFFICIENZA | C26: Tutte le tematiche della presente scheda hanno obiettivi di natura ambientale, nel senso che sono finalizzate a migliorare le prestazioni energetiche degli edifici, a ridurre il rischio idraulico, a potenziare il patrimonio verde e innescare uno sviluppo sostenibile dell'intero territorio.
A28: A.9 | B28: INDICATORI DI EFFICACIA
A30: A.9 | B30: INDICATORI DI ECONOMICITA' | C30: la riqualificazione energetica che verrà eseguita porterà ad un risparmio dei consumi elettrici e termici degli edifici interessati - lo sviluppo sostenibile che verrà innescato in forza della strategia climatica e degli interventi sul patrimonio arboreo avrà sicuri effetti su un generale risparmio delle risorse.
A33: A.10 | B33: CRITICITA'
A35: A.11 | B35: VERIFICHE | C35: VERIFICA INTERMEDIA: VERIFICA INTERMEDIA AL 31/10/2024 – ATTUATO AL 90 % 1 - RISPETTO ALL’EFFICIENTAMENTO ENERGETICO DEGLI EDIFICI COMUNALI – la ditta CPL aggiudicatrice della gara sta gestendo gli impianti termici del comune in base al capitolato; sono in corso degli approfondimenti per arrivare alla stipula del contratto e dare il via all’esecuzione delle opere di investimento proposte in sede di offerta. 2 - STUDIO COMUNALE DI GESTIONE DEL RISCHIO IDRAULICO - il professionista incaricato ha quasi completato le fasi di lavoro previste nell’incarico. 3 - STRATEGIA DI TRANSIZIONE CLIMATICA “ACE3T-CLIMA ACQUA, CALORE ED ENERGIA: 3 PILASTRI PER LA TRANSIZIONE CLIMATICA DEL MANTOVANO” NELL’AMBITO DEL BANDO “CALL FOR IDEAS – STRATEGIA CLIMA” PROMOSSO DA FONDAZIONE CARIPLO E COFINANZIATO DALLA STESSA FONDAZIONE E DA REGIONE LOMBARDIA. Fondazione Cariplo offre ai comuni una consulenza, tramite lo IUAV di Venezia e Ambiente Italia, quale supporto su diverse tematiche: revisione dei PGT per i temi ambientali, comunità energetiche ecc. ecc. --- 4- in base al DECRETO 10 marzo 2020 "Criteri ambientali minimi per il servizio di gestione del verde pubblico e la fornitura di prodotti per la cura del verde" è conclusa la redazione del Catasto Arboreo che ha consentito di attivare una migliore gestione delle piante esistenti nel territorio comunale. Si è già provveduto ad attuare alcune indicazioni relative all’abbattimento di piante ammalorate e alla messa a dimora di nuove essenze. 5- La società AMBIENTE ITALIA srl di Milano, affidataria del servizio di PROGETTAZIONE PER LO SVILUPPO DI COMUNITA’ ENERGETICHE RINNOVABILI SUL TERRITORIO DEL COMUNE DI PORTO MANTOVANO sta lavorando per redigere uno studio di fattibilità per la formazione di una comunità energetica sul territorio comunale. Ha già provveduto a fare l’analisi del patrimonio edilizio sotto i profili delle caratteristiche energetiche consegnando nel 2022 la relazione su "Patrimonio edilizio comunale - valutazione della potenza fotovoltaica installabile" e a novembre 2023 l'ANALISI ENERGETICA SUGLI EDIFICI DI PROPRIETÀ COMUNALE. Va precisato che la normativa di riferimento che si attendeva da circa due anni si è sbloccata ed è necessario concordare con l'Amminsitrazione come procedere nell'attività.
C36: VERIFICA FINALE: AL 31/12/2024 ATTUATO AL 100 % PER QUANTO DI COMPETENZA. Rispetto alla verifica intermedia si precisa che con la società Ambiente Italia è stato avviato un confronto per defiire il prosieguo.
C38: Il Responsabile di Posizione Organizzativa
C39: architetto Rosanna Moffa

Sheet BONIOTTI
C3: Comune di Porto Mantovano
C7: Piano degli Obiettivi 2024 - 2026
B15: SETTORE VIGILANZA
C16: COMANDANTE DOTT.SSA SIMONETTA BONIOTTI

Sheet BONIOTTI 1 - 2024
A1: Area POLIZIA LOCALE Settore POLIZIA LOCALE
A2: RESPONSABILE: COMANDANTE POLIZIA LOCALE
A3: PESO IN %
A5: MISSIONE:3 PROGRAMMA: ORDINE PUBBLICO E SICUREZZA | B5: OBIETTIVO N. 21 - 2024 | C5: Ammodernamento e potenziamento della videosorveglianza
A6: OBIETTIVO DUP 2024 - 2026 | C6: Continuare l’opera di ammodernamento e potenziamento del parco delle videocamere distribuite sul territorio anche coprendo aree ad oggi sprovviste di sistema di videosorveglianza
A9: A.1 | B9: DESCRIZIONE | C9: RICHIESTA DI FINANZIAMENTO AL MINISTERO DELL'INTERNO RELATIVA ALL'AMPLIAMENTO DELL'ATTUALE SISTEMA DI VIDEOSORVEGLIANZA MEDIANTE L'INSTALLAZIONE DI TELECAMERE E LETTORI TARGHE
A10: A.2 | B10: FINALITA' | C10: AUMENTO DELLA PERCEZIONE DI SICUREZZA DA PARTE DEI CITTADINI DI PORTO MANTOVANO MEDIANTE AZIONI DI PREVENZIONE E DI CONTRASTO DEGLI ATTI ILLECITI PERPRETATI SUL TERRITORIO
A12: A.3 | B12: AZIONI E TEMPI - FASI
C13: entro il 29.03.2024 presentazione del progetto alla Prefettura di Mantova per il successivo inoltro al Ministero dell'Interno
C15: entro il 31.12.2024: realizzazione sistemi di videosorveglianza se approvato dal Ministero
A16: A.4 | B16: DATA PRESUMIBILE REALIZZO | C16: 31.12.2024
A18: A.5 | B18: RESPONSABILE DELL'OBIETTIVO | C18: Comandante Comm. Capo di P.L. Dott.ssa Simonetta Boniotti
A20: A.6 | B20: PERSONALE DELL'AREA COINVOLTO | C20: tutti gli Agenti appartenenti al servizio
A22: A.7 | B22: ALTRI SERVIZI COINVOLTI
A24: A.8 | B24: RISORSE FINANZIARIE | C24: in parte risorse proprie dell'Ente, in parte cofinanziate dal Ministero dell'Interno
A26: A.9 | B26: INDICATORI DI EFFICIENZA | C26: contrasto al degrado urbano, disagio sociale e inciviltà e contestuale aumento della sicurezza
A28: A.9 | B28: INDICATORI DI EFFICACIA | C28: diminuzione atti vandalici nel territorio comunale
A30: A.9 | B30: INDICATORI DI ECONOMICITA' | C30: garanzia di un nuovo sistema di videosorveglianza cofinanziato con risorse statali
A33: A,10 | B33: CRITICITA'
A35: A.11 | B35: VERIFICHE | C35: Verifica intermedia: al 30/09/2024. Il Ministero dell'Interno ha finanziato i primi 243 progetti, tra i quali non rientra quello presentato dal Comune di Porto Mantovano (posto in graduatoria nr. 643). Il cronoprogramma della prima azione e fase è stato pienamenterispettato. Alla data del 30.09.2024 il raggiungimento obiettivo è pari all'50% per azioni indipendenti dal servizio.
C36: Verifica finale: l'obiettivo risulta raggiunto al 50% per ragioni non dipendenti dal servizio: il progetto è stato ammesso ma non finanziato per esaurimento fondi.
C38: Il Responsabile di Posizione Organizzativa

Sheet BONIOTTI 2-2024
A1: Area POLIZIA LOCALE Settore POLIZIA LOCALE
A2: RESPONSABILE: COMANDANTE POLIZIA LOCALE
A3: PESO IN %
A5: MISSIONE:3 PROGRAMMA: ORDINE PUBBLICO E SICUREZZA | B5: OBIETTIVO N. 22 - 2024 | C5: Educare alla legalità e alla sicurezza sulla strada
A6: OBIETTIVO DUP 2024 - 2026 | C6: campagne di sensibilizzazione nelle scuole da parte degli agenti della Polizia Locale e in collaborazione con le associazioni di volontariato ai fini della sicurezza stradale e urbana.
A9: A.1 | B9: DESCRIZIONE | C9: L’educazione alla legalità e alla sicurezza nella scuola costituisce un formidabile strumento per lo sviluppo di comportamenti corretti e responsabili, individuali e di gruppo, orientati ad intuire i rischi e a prevenire incidenti fin dalla più tenera età. Verranno proposti dei progetti relativi alla sicurezza stradale finalizzati alla consapevolezza della sicurezza intesa come prevenzione.
A10: A.2 | B10: FINALITA' | C10: sviluppo delle competenze del "sapere", "saper fare" e "saper essere" nell'abito della sicurezza stradale
A12: A.3 | B12: AZIONI E TEMPI - FASI | C12: entro il 30.09.2024: contatti con personale dell'Istituto Comprensivo di Porto Mantovano
C13: entro il 30.10.2024: presentazione progetti di sicurezza stradale suddivisi per scuole (infanzia, primaria e secondaria di primo grado)
C14: entro il 31.12.2024: predisposizione cronoprogramma attività educative
A16: A.4 | B16: DATA PRESUMIBILE REALIZZO | C16: 31.12.2024
A18: A.5 | B18: RESPONSABILE DELL'OBIETTIVO | C18: Comandante Comm. Capo di P.L. Dott.ssa Simonetta Boniotti
A20: A.6 | B20: PERSONALE DELL'AREA COINVOLTO | C20: tutti gli Agenti appartenenti al servizio
A22: A.7 | B22: ALTRI SERVIZI COINVOLTI
A24: A.8 | B24: RISORSE FINANZIARIE | C24: risorse proprie dell'Ente
A26: A.9 | B26: INDICATORI DI EFFICIENZA | C26: maggiore consapevolezza nei comportamenti messi in atto sulla strada
A28: A.9 | B28: INDICATORI DI EFFICACIA | C28: diminuzione comportamenti errati e pericolosi sulle strade
A30: A.9 | B30: INDICATORI DI ECONOMICITA' | C30: replicabilità e sostenibilità dei progetti di educazione alla legalità e alla sicurezza stradale
A33: A,10 | B33: CRITICITA'
A35: A.11 | B35: VERIFICHE | C35: Verifica intermedia: il cronoprogramma delle azioni e delle fasi è stato sino ad ora rispettato. Alla data del 30.09.2024 il raggiungimento obiettivo è pari all'80%.
C36: Verifica finale: tutte la fasi sono state pienamente attuate entro i termini previsti. Il cronoprogramma delle attività educative è stato definito nei termini mediante corrispondenza con l'Istituto comprensivo. L'obiettivo è stato raggiunto al 100%
C38: Il Responsabile di Posizione Organizzativa
